 Dungeon Crawl Stone Soup version 0.32-a0-711-g016ad743e0 (webtiles) character file.

Game seed: 3144726287267740310

1811065 MackTheKnife the Slayer (level 23, 200/209 HPs)
             Began as a Coglin Gladiator on Mar 15, 2024.
             Was an Initiate of Gozag.
             Escaped with the Orb
             ... and 3 runes!
             The game lasted 01:10:39 (50262 turns).

MackTheKnife the Slayer (Coglin Gladiator)         Turns: 50262, Time: 01:10:40

Health: 200/209    AC: 20    Str: 21    XL:     23   Next: 58%
Magic:  22/23      EV: 28    Int: 11    God:    Gozag
Gold:   5518       SH:  0    Dex: 26    Spells: 22/22 levels left

rFire   + + .        J - +8 demon trident "Rift" {distort, reach+, polearm}
rCold   + + .        l - +9 demon trident (elec) {polearm, Adela}
rNeg    . . .        G - +4 ring mail "Toup Omo" {rF+ Str+4}
rPois   +            D - +2 hood of the Assassin {Detect Stab+ Stlth++}
rElec   .            I - scarf {rC+ rF+}
rCorr   +            W - +3 pair of gauntlets of War {Slay+5}
SInv    .            Z - +1 pair of boots "Imyano" {Int+3}
Will    +....        (amulet unavailable)
Stlth   +++          (ring unavailable)
HPRegen 0.54/turn    (ring unavailable)
MPRegen 0.18/turn    P - actuated capacitor {rPois rC+ rCorr Clar RMsl}

%: repel missiles, clarity
@: studying Maces & Flails
A: off-hand wielding, slow wielding, warmup strikes, no jewellery, agile 1,
sense surroundings 1, MP-powered wands
0: Orb of Zot
}: 3/15 runes: serpentine, barnacled, silver
a: Renounce Religion, Potion Petition, Call Merchant, Bribe Branch


You escaped.
You worshipped Gozag.
Gozag was greatly pleased with you.
You visited 9 branches of the dungeon, and saw 47 of its levels.
You visited 1 bazaar.
You also visited: Sewer and Volcano.

You collected 22422 gold pieces.
You spent 10351 gold pieces at shops.
You paid 6553 gold pieces to Gozag.


Innate Abilities, Weirdness & Mutations

You can wield a second weapon in your off-hand.
It takes a long time for you to wield or remove held weapons.
Your first few attacks do less damage.
You cannot equip rings or amulets.
You are agile. (Dex +4, Str/Int -1)
You passively map a small area around you.
You expend magic power (3 MP) to strengthen your wands.


   Skills:
 - Level 24.0 Fighting
 - Level 5.2 Short Blades
 - Level 14.0 Polearms
 - Level 1.7 Throwing
 - Level 12.0 Armour
 + Level 19.4 Dodging
 - Level 19.5 Stealth
 - Level 22.8 Evocations


You had 22 spell levels left.
You didn't know any spells.
Your spell library contained the following spells:

 Spells                   Type           Power      Damage    Failure   Level
 Magic Dart               Conj           0%         1d3       45%         1
 Shock                    Conj/Air       0%         1d3       45%         1
 Slow                     Hex            0%         N/A       45%         1
 Blink                    Tloc           0%         N/A       61%         2
 Call Imp                 Summ           0%         N/A       61%         2
 Ensorcelled Hibernation  Hex/Ice        0%         N/A       61%         2
 Jinxbite                 Hex            0%         N/A       61%         2
 Lesser Beckoning         Tloc           0%         N/A       61%         2
 Mercury Vapours          Alch/Air       0%         N/A       61%         2
 Momentum Strike          Conj/Tloc      0%         3d8       61%         2
 Scorch                   Fire           0%         2d5       61%         2
 Static Discharge         Conj/Air       0%         3-3/arc   61%         2
 Confusing Touch          Hex            0%         N/A       83%         3
 Fugue of the Fallen      Necr           0%         N/A       83%         3
 Gell's Gravitas          Tloc           0%         N/A       83%         3
 Inner Flame              Hex/Fire       0%         N/A       83%         3
 Mephitic Cloud           Conj/Alch/Air  0%         N/A       83%         3
 Stone Arrow              Conj/Erth      0%         3d7       83%         3
 Swiftness                Air            0%         N/A       83%         3
 Teleport Other           Tloc           0%         N/A       83%         3
 Tukima's Dance           Hex            0%         N/A       83%         3
 Vampiric Draining        Necr           0%         2d6       83%         3
 Airstrike                Air            0%         2d(0-16)  99%         4
 Anguish                  Hex/Necr       0%         N/A       99%         4
 Animate Armour           Summ/Erth      0%         N/A       99%         4
 Flame Wave               Conj/Fire      0%         2d4       99%         4
 Martyr's Knell           Necr/Summ      0%         N/A       99%         4
 Olgreb's Toxic Radiance  Alch           0%         N/A       99%         4
 Passage of Golubria      Tloc           0%         N/A       99%         4
 Sticky Flame             Fire/Alch      0%         2d4       99%         4
 Summon Lightning Spire   Summ/Air       0%         N/A       99%         4
 Borgnjor's Vile Clutch   Necr/Erth      0%         N/A       100%        5
 Freezing Cloud           Conj/Ice/Air   0%         6-21      100%        5
 Iskenderun's Battlesphe  Conj           0%         2d6       100%        5
 Summon Mana Viper        Hex/Summ       0%         N/A       100%        5
 Yara's Violent Unravell  Hex/Alch       0%         3d3       100%        5
 Bombard                  Conj/Erth      0%         9d1       100%        6
 Death Channel            Necr           0%         N/A       100%        6
 Dispersal                Tloc           0%         N/A       100%        6
 Sculpt Simulacrum        Ice/Alch       0%         N/A       100%        6
 Summon Cactus Giant      Summ           0%         N/A       100%        6
 Enfeeble                 Hex            0%         N/A       100%        7
 Malign Gateway           Summ/Tloc      0%         N/A       100%        7
 Ozocubu's Refrigeration  Ice            0%         4d7       100%        7
 Spellforged Servitor     Conj/Summ      0%         N/A       100%        7
 Discord                  Hex            0%         N/A       100%        8
 Lehudib's Crystal Spear  Conj/Erth      0%         10d2      100%        8
 Polar Vortex             Ice            0%         N/A       100%        9
 Animate Dead             Necr           Unusable   N/A       N/A         4

Inventory:

Hand Weapons
 d - the +4 spear "Bofan" {venom, ^Contam rN+ Dex+3, polearm}
   (You found it on level 1 of the Depths)

   Dex+3:     It affects your dexterity (+3).
   rN+:       It protects you from negative energy.
   ^Contam:   It causes magical contamination when unequipped.
 l - a +9 demon trident of electrocution (offhand) {polearm, Adela}
   (You found it on level 2 of the Dungeon)
 J - the +8 demon trident "Rift" (weapon) {distort, reach+, polearm}
   (You bought it in a shop on level 1 of the Lair of Beasts)
Missiles
 a - 2 curare-tipped darts (quivered) {=fthrowing}
Armour
 o - the +3 leather armour of the Moon Troll {Fly rF- Will+++ Regen+}
   (You found it on level 3 of the Vaults)

   rF-:       It makes you vulnerable to fire.
   Will+++:   It greatly increases your willpower.
   Fly:       It grants you flight.
   Regen+:    It increases your rate of health regeneration.
 t - the +0 pair of boots "Leottyip" {rC+ MP+9}
   (You bought it in a shop in a bazaar)

   rC+:       It protects you from cold.
   MP+9:      It affects your magic capacity (+9).
 D - the +2 hood of the Assassin (worn) {Detect Stab+ Stlth++}
   (You bought it in a shop on level 5 of the Dungeon)

   Detect:    It allows the wearer to sense nearby creatures.
   Stab+:     It allows the wearer to make particularly effective stabbing
   attacks against helpless or unaware enemies with any weapon.
   Stlth++:   It makes you much more stealthy.
 G - the +4 ring mail "Toup Omo" (worn) {rF+ Str+4}
   (You found it on level 8 of the Dungeon)

   Str+4:     It affects your strength (+4).
   rF+:       It protects you from fire.
 I - a scarf of resistance (worn)
   (You found it on level 1 of the Lair of Beasts)
 W - the +3 pair of gauntlets of War (worn) {Slay+5}
   (You bought it in a shop on level 1 of the Vaults)

   Slay+5:    It affects your accuracy & damage with ranged weapons and melee
   (+5).
 Z - the +1 pair of boots "Imyano" (worn) {Int+3}
   (You found it on level 1 of the Vaults)

   Int+3:     It affects your intelligence (+3).
Gizmo
 P - an actuated capacitor (installed) {rPois rC+ rCorr Clar RMsl}
   (You invented it yourself on level 5 of the Lair of Beasts)

   [actuated capacitor]

   rC+:       It protects you from cold.
   rPois:     It protects you from poison.
   Clar:      It protects you from confusion, rage, mesmerisation and fear.
   RMsl:      It protects you from missiles.
   rCorr:     It protects you from acid and corrosion.
Wands
 e - a wand of paralysis (42)
   (You found it on level 4 of the Dungeon)
 r - a wand of iceblast (7)
   (You found it on level 9 of the Dungeon)
 u - a wand of flame (37)
   (You found it on level 2 of the Lair of Beasts)
 C - a wand of mindburst (26)
   (You found it on level 4 of the Lair of Beasts)
 K - a wand of acid (4)
   (You took it off Amaemon on level 2 of the Lair of Beasts)
 L - a wand of digging (4)
   (You found it on level 1 of the Snake Pit)
 U - a wand of polymorph (12)
   (You took it off a merfolk siren on level 2 of the Shoals)
Scrolls
 c - 2 scrolls of vulnerability {!r!r}
 i - a scroll of blinking {!r}
 k - 5 scrolls of poison {!r}
 n - 5 scrolls of teleportation {@r4}
 v - a scroll of enchant armour
 y - a scroll of fog
 A - 2 scrolls of immolation {!r!r}
 B - 2 scrolls of revelation
 E - 6 scrolls of silence {!r}
 Q - 18 scrolls of identify {@r1}
 V - 3 scrolls of brand weapon
Potions
 b - 3 potions of resistance
 f - 6 potions of haste {@q3}
 g - 9 potions of magic
 h - 6 potions of enlightenment
 j - 3 potions of might
 m - 5 potions of brilliance
 q - 13 potions of curing {@q1}
 s - 3 potions of heal wounds {@q2}
 z - a potion of ambrosia
 F - a potion of berserk rage {!q}
 H - 6 potions of mutation {!q}
 M - 9 potions of invisibility
 R - a potion of cancellation
Miscellaneous
 O - a box of beasts (inert)
   (You found it on level 5 of the Lair of Beasts)
 X - a phial of floods
   (You found it on level 4 of the Shoals)
 Y - a phantom mirror (inert)
   (You found it on level 4 of the Shoals)

Dungeon Overview and Level Annotations

Branches:
Dungeon (15/15)            Temple (0/1) D:6            Lair (5/5) D:9
 Shoals (4/4) Lair:3        Snake (4/4) Lair:2        Slime (0/5) Lair:4
    Orc (2/2) D:11            Elf (3/3) Orc:2        Vaults (5/5) D:14
  Crypt (0/3) Vaults:3     Depths (4/4) D:15            Zot (5/5) Depths:4
  Sewer (visited)         Volcano (visited)

Altars:
Dithmenos
Elyvilon
Gozag
Makhleb
Nemelex Xobeh
Okawaru
Sif Muna
Vehumet
Wu Jian
Beogh

Shops:
D:1 ?   D:2 *   D:5 [=   Orc:2 !::([   Elf:1 *   Elf:2 [   Lair:1 (
Lair:2 ?[?   Shoals:4 :   Snake:2 *   Vaults:1 [   Vaults:4 :*(*   Depths:1 [!

Portals:
Hell: Depths:1
Ziggurat: Depths:1

Annotations:
Lair:5 exclusion: 2 oklob plants
Elf:2 3 runed translucent doors
Vaults:5 Sojobo
Depths:2 1 transporter
Zot:2 Josephina
Zot:5 exclusions: 2 electric golems and 2 obsidian statues
Abyss:1 Ilsuiw

###..########.#..########.....##
#.............##......# #######
#.#######.#######.....### ######
#.#....##.# ##....'.# #.....
#.#....##.# #### #....#.# #.####
#.#.)####.###..###....#.# #.# #
#.#..'....##....#######.###{####
#.#..####.##..#..........##....#
#.#....##..'..#@########.....#.#
#.#..#>##.##..#.# ##....#.+
#.#######.##..(.# ##...'># #.#
#####.###..## #..(#.# #.#
#...#.# #### #...#.. #.###...#.#
#...#.# #.##...##.#######
#...#.# #.##.#.'..#...(.#
#...#.. #.##...##.#.⌠.⌠.#
#######


There were no monsters in sight!


Message History

This square is covered in magical glow.
You feel a surge of power!
The rock shatters into small pieces.
The Hell Sentinel hits your Hell Sentinel but does no damage. x2
Your Hell Sentinel hits the Hell Sentinel but does no damage. x2 😮 MP[-3]
You lost 3 mp, and now have 20/23 mp.
A Hell Sentinel is nearby!
The Hell Sentinel hits your Hell Sentinel! x2
Your Hell Sentinel hits the Hell Sentinel. x2 😮 HP[+1] 😮 HP[+1] 😮 HP[+1] 😮 MP[+1]
Your Hell Sentinel barely misses the Hell Sentinel.
Your Hell Sentinel hits the Hell Sentinel but does no damage. 😮 HP[+1]
Something hits your Hell Sentinel!
Something hits your Hell Sentinel but does no damage.
There is a stone staircase leading up here.
Your Hell Sentinel hits the Hell Sentinel!
Your Hell Sentinel hits the Hell Sentinel.
You climb upwards.
There is a stone staircase leading down here. 😮 HP[+2]
You regained 2 hp, and now have 152/209 hp. 😮 MP[+1]
Aiming: Dig
Press: ? - help, Shift-Dir - straight line A rock wall.
This square is covered in magical glow.
You feel a surge of power!
The rock shatters into small pieces. 😮 HP[+1] MP[-3]
You lost 3 mp, and now have 19/23 mp.
A shadow demon comes into view. 😮 HP[+1]
A shadow demon is nearby!
A shadow demon is nearby!
A shadow demon is nearby!
A shadow demon is nearby! 😮 HP[+1] 😮 MP[+1] 😮 HP[+1]
The shadow demon gestures. 😕 HP[+1] 😕 HP[+1] 😕 MP[+1] 😕 HP[+1]
There is a stone staircase leading up here. 😕 HP[+1]
You climb upwards.
There is a stone staircase leading down here. 😕 HP[+1] MP[+1]
What level of the Dungeon? (default 1, ? - help)
A soul eater comes into view. 😕 HP[+6] MP[+1]
You regained 6 hp, and now have 167/209 hp.
Your mp is fully restored (23). 😕 HP[+1]
You puncture the soul eater with your +9 demon trident of electrocution!
Lightning courses through the soul eater!!
You puncture the soul eater with the +8 demon trident "Rift"!
Space warps around the soul eater.
You hit the soul eater with your +9 demon trident of electrocution.
Lightning courses through the soul eater!
You puncture the soul eater with the +8 demon trident "Rift"!
You kill the soul eater! 😕 HP[+1] No target in view!
No target in view!
What level of the Dungeon? (default 1, ? - help)
You now have 5518 gold pieces (gained 5).
Things that are here:
a hobgoblin skeleton; a hobgoblin skeleton
There is a stone staircase leading up here.
You climb upwards.
There is a stone staircase leading down here.
There is a stone staircase leading up here.
You climb upwards.
There is a stone staircase leading down here. 😕 HP[+21]
You regained 21 hp, and now have 190/209 hp.
Okay, then.
Unknown command.
There is an open door here. 😕 HP[+1] 😕 HP[+1] 😕 HP[+1] 😕 HP[+1]
Aiming: Dig
Press: ? - help, Shift-Dir - straight line A rock wall.
This square is covered in magical glow.
You feel a surge of power!
The rock shatters into small pieces. 😕 MP[-3]
You lost 3 mp, and now have 20/23 mp. 😕 HP[+4] MP[+1]
You regained 4 hp, and now have 198/209 hp.
There is a staircase leading out of the dungeon here. 😕 HP[+1]
You have escaped!

Skill      XL: |  1  2  3  4  5  6  7  8  9 10 11 12 13 14 15 16 17 18 19 20 21 22 23 |
---------------+----------------------------------------------------------------------+-----
Short Blades   | 3 4 5 |  5.2
Polearms       | 3 4 6 9 13 14 | 14.0
Fighting       | 4 9 12 15 18 19 20 21 22 24 | 24.0
Armour         | 3 7 10 12 | 12.0
Dodging        | 4 8 10 12 15 16 17 19 | 19.4
Evocations     | 2 10 15 16 22 | 22.8
Stealth        | 3 7 10 11 13 16 19 | 19.5
Throwing       | |  1.7

Action                     |  1- 3 |  4- 6 |  7- 9 | 10-12 | 13-15 | 16-18 | 19-21 | 22-24 || total
---------------------------+-------+-------+-------+-------+-------+-------+-------+-------++-------
  Melee: Rapier            |    53 |   110 |    48 |       |       |       |       |       ||   211
         Dagger            |    47 |    77 |       |       |       |       |       |       ||   124
         Demon trident     |       |    31 |   206 |   393 |  1192 |  1492 |  1616 |   997 ||  5927
         Falchion          |       |       |   103 |   227 |       |       |       |       ||   330
         Trident           |       |       |       |    85 |    88 |       |       |       ||   173
         Peck              |       |       |       |       |       |    62 |    68 |       ||   130
  Throw: Dart              |     3 |     1 |     9 |     6 |       |       |     2 |       ||    21
         Throwing net      |       |       |     1 |       |       |       |       |       ||     1
 Invoke: Call Merchant     |       |       |     1 |     1 |       |     3 |     1 |       ||     6
         Potion Petition   |       |       |       |       |       |       |       |     3 ||     3
Ability: Invent Gizmo      |       |       |       |       |     1 |       |       |       ||     1
  Evoke: Wand              |       |       |     1 |    20 |     3 |    14 |     4 |     7 ||    49
         Box of beasts     |       |       |       |       |       |     1 |       |     2 ||     3
         Phial of floods   |       |       |       |       |       |       |       |     1 ||     1
         Phantom mirror    |       |       |       |       |       |       |       |     1 ||     1
    Use: Scroll            |     1 |     4 |     7 |    18 |    15 |    10 |     1 |    26 ||    82
         Potion            |       |       |       |     1 |       |     1 |     1 |    17 ||    20
   Stab: Distracted        |       |     1 |     1 |     1 |    12 |    17 |    17 |    13 ||    62
         Held in net/web   |       |       |     1 |       |       |       |       |       ||     1
         Paralysed         |       |       |       |     3 |       |       |     1 |       ||     4
         Sleeping          |       |       |       |       |    28 |    43 |    70 |    23 ||   164
 Armour: Leather armour    |    26 |    50 |       |       |       |       |    47 |   196 ||   319
         Ring mail         |       |     8 |    75 |   272 |   159 |   227 |   172 |    21 ||   934
  Dodge: Dodged            |    29 |    57 |    50 |   158 |   205 |   305 |   283 |   228 ||  1315
         Repelled          |       |       |       |       |    40 |   109 |    89 |    51 ||   289

Levels and vault maps discovered:
D:1:      dpeg_arrival_renting, layout_basic, serial_shops, shop,
          dreamdust_wishing_well, minmay_octomino_j4
D:2:      layout_rooms, serial_shops, nicolae_shop_tiny_glass, minivault_5,
          minmay_misc_feat_room, dreamdust_princess_bridge
D:3:      layout_loops_ring, minmay_overflow_temple_star_quad
D:4:      layout_loops_corners, uniq_robin, uniq_sigmund, uniq_grinder,
          uniq_pikel
D:5:      layout_rooms, serial_shops, shop
D:6:      layout_loops_ring, minmay_temple_entry_waves, portal_sewer_entry_e,
          chequers_avenue, minmay_statues_item, palyth_stone_intersect,
          uniq_prince_ribbit1, uniq_crazy_yiuf_cottage
D:7:      layout_basic, minmay_manual_mess
D:8:      layout_basic, nicolae_overflow_hidden_temple, kennysheep_another_room
D:9:      layout_basic, lair_entry_dummy, ebering_ghost_disaster_area,
          minivault_20, uniq_erica
D:10:     minmay_the_grid_octo_2x2 [minmay_the_grid_octo_empty,
          minmay_the_grid_octo_concentric, minmay_the_grid_octo_odd_swirl,
          minmay_the_grid_octo_prize_big_c], layout_loops_corners,
          nicolae_zen_rock_garden, uniq_snorg
D:11:     layout_loops_ring, david_orc_2, serial_glass, glass_columns_b,
          glass_columns_a, glass_columns_a, glass_columns_b, glass_columns_c,
          glass_columns_a, glass_columns_b, glass_columns_b, glass_columns_c,
          glass_columns_c, minmay_strange_pillars, due_unseen_surprise,
          feat_on_display, minmay_strange_pillars
D:12:     cheibrodos_orc_bank, layout_basic, grunt_ministairs_8
D:13:     layout_layer_cave, serial_shops, statue_bzr
D:14:     layout_stronghold, lightli_vaults_fourway_checkpoint,
          hellmonk_ghost_happy_afterlife
D:15:     grunt_enter_depths_hoard, layout_cross, serial_glass, glass_columns_b,
          glass_columns_b, glass_columns_b, glass_columns_b, glass_columns_b,
          glass_columns_a, item_on_display_a, minmay_strange_pillars,
          nicolae_dithmenos_shadow_blocks
Lair:1:   layout_cave_pods, lemuel_fruit_fields, uniq_gastronok
Lair:2:   layout_regular_city, nicolae_snake_entry_squirm, uniq_amaemon,
          uniq_fannar, uniq_maggie
Lair:3:   layout_chaotic_city, minmay_shoals_entry_hut, serial_bayou,
          serial_bayou_crossing, serial_bayou_shore_b, serial_bayou_pond_c,
          serial_bayou_pond_e, fungi_pond_lemuel
Lair:4:   layout_cave_pods, slime_entry_1, chequers_serial_rivers_large_b,
          pdpol_lair_cavern_descent
Lair:5:   minmay_lair_end_frog_pond, layout_misc_corridors, dpeg_oklob_1
Shoals:1: layout_shoals, lemuel_centaur_altar
Shoals:2: layout_shoals, uniq_louise
Shoals:3: layout_shoals
Shoals:4: shoals_end_hangedman, layout_shoals, shoals_ilsuiw_alternative,
          nicolae_shop_vocational
Snake:1:  layout_honeycomb, nicolae_snake_bzzzt
Snake:2:  layout_gridlike, serial_shops, nicolae_shop_stone, uniq_nikola
Snake:3:  nicolae_snake_crotalidae_crossing, layout_basic
Snake:4:  snake_pit, layout_onion, basic_altar, nicolae_snake_single_loop,
          nrook_guardian_serpent_double, uniq_saint_roka
Orc:1:    layout_diamond_mine, nicolae_volcano_entry_vermiform, uniq_sonja,
          uniq_nergalle
Orc:2:    grunt_orc_community_town_hall, layout_diamond_mine,
          grunt_orc_community_big_house_1, grunt_orc_community_big_house_2,
          grunt_orc_community_house_2, grunt_orc_community_house_1,
          grunt_orc_community_house_3, grunt_orc_community_house_3,
          serial_shops, nicolae_shop_just_a_little_nook, basic_altar,
          uniq_azrael
Elf:1:    minmay_elf_arrival_plus, layout_geoelf_grid, serial_shops,
          nicolae_shop_back_alley_shop, minmay_elf_demonology,
          serial_library_hellmonk_u_bend, uniq_zenata
Elf:2:    nicolae_elf_blades_crystal_corner, layout_geoelf_octagon,
          serial_shops, shop, basic_altar, minivault_26, uniq_asterion
Elf:3:    minmay_elf_hall_quartered_circle, layout_loops_cross, minivault_20,
          st_stairs_10
Vaults:1: nicolae_vaults_little_squares_1,
          nicolae_vaults_disappearing_quadrants, nicolae_vaults_weapon_check,
          ontoclasm_vaults_chip, grunt_vaults_twisty, serial_ice_g,
          nicolae_vaults_surprise_closet, nicolae_vaults_trapezoid_2,
          ontoclasm_vaults_pinch, nicolae_vaults_storage_closets_2,
          nicolae_vaults_spaceships, layout_vaults_big_room
Vaults:2: nicolae_vaults_double_plus_3, nicolae_vaults_network_periphery,
          nicolae_vaults_ellipses_ellipsis, hangedman_vaults_nodes,
          nicolae_vaults_surprise_closet_hard, nicolae_vaults_little_squares_5,
          nicolae_vaults_closet_pinwheel_3, nicolae_vaults_border_crossing,
          nicolae_vaults_trapezoid_lopsided_1, nicolae_vaults_house_2,
          layout_vaults_ring
Vaults:3: nicolae_vaults_hexular_roomagon, v_alt_pattern_5,
          minmay_crypt_entry_simple_plaza, ontoclasm_vaults_eye,
          ontoclasm_vaults_loading_screen, nicolae_vaults_closet_pinwheel_4,
          nicolae_vaults_little_squares_5, nicolae_vaults_trapezoid_lopsided_2,
          v_pattern_1, v_misc_12, v_misc_16, vaults_dpeg_diagonal,
          nicolae_vaults_heist, v_misc_14, layout_vaults_big_cross
Vaults:4: nicolae_vaults_turnstiles, kennysheep_vaults_gozag_temple, v_misc_9,
          nicolae_vaults_tetromino_Z_1, nicolae_vaults_little_squares_1,
          nicolae_vaults_tetromino_L_1, ontoclasm_vaults_spin,
          layout_vaults_omnigrid, serial_shops, shop
Vaults:5: uniq_sojobo
Depths:1: minmay_octagon_city, layout_long_grid, enter_ziggurat_d,
          grunt_mini_vestibule, feat_on_display, minmay_shop_star
Depths:2: gammafunk_dig_for_victory, layout_cave_pools,
          grunt_pan_entry_in_and_out, chequers_jeans, hell_entry
Depths:3: kennysheep_cluttered_fort, layout_cave_shapes, abyss_entry,
          grunt_hell_entry_dis_mu, okawaru_ov_weapons_minmay,
          serial_bayou_shore_b
Depths:4: grunt_twist_and_shout, layout_cave_pools, pf_hell_entry_tar_spiral,
          corexii_hall_statues_l, minmay_misc_feat_encased
Zot:1:    gammafunk_its_a_trap, layout_basic,
          regret_index_zotdec_twisting_globes
Zot:2:    cheibrodos_frozen_isle, layout_cathedral_of_symmetry,
          grunt_megastairs_1, uniq_josephina
Zot:3:    layout_misc_corridors, skrybe_zot_glass_1
Zot:4:    layout_onion_interference
Zot:5:    layout_cathedral_of_symmetry, lemuel_golem_globe

Notes
Turn   | Place    | Note
-------+----------+-------------------------------------------
     0 | D:1      | MackTheKnife the Coglin Gladiator began the quest for the
                  | Orb.
     0 | D:1      | Reached XP level 1. HP: 16/16 MP: 1/1
     0 | D:1      | magus.rc [v1.9.6]
    94 | D:1      | Reached skill level 3 in Short Blades
   135 | D:1      | Reached XP level 2. HP: 20/22 MP: 2/2
   147 | D:1      | You pick up a book of Vapours and begin reading...
   147 | D:1      | You add the spells Mercury Vapours, Mephitic Cloud and
                  | Freezing Cloud to your library.
   273 | D:1      | Found Plog's Magic Scroll Boutique.
   287 | D:1      | Reached XP level 3. HP: 27/27 MP: 3/3
   290 | D:1      | Bought a scroll of identify for 26 gold pieces
   562 | D:1      | Reached skill level 4 in Short Blades
   650 | D:2      | Reached XP level 4. HP: 28/33 MP: 4/4
   931 | D:2      | Reached skill level 5 in Short Blades
   936 | D:2      | Reached XP level 5. HP: 32/38 MP: 5/5
   984 | D:2      | Found Moacvopu's General Store.
  1493 | D:1      | Bought a scroll of brand weapon for 123 gold pieces
  1894 | D:3      | Found an opulent altar of Gozag.
  1904 | D:3      | Found a sparkling altar of Nemelex Xobeh.
  1908 | D:3      | Found a burning altar of Makhleb.
  2146 | D:3      | Became a worshipper of Gozag Ym Sagoz the Greedy
  2279 | D:3      | You pick up a book of Unlife and begin reading...
  2279 | D:3      | You add the spells Borgnjor's Vile Clutch and Death Channel
                  | to your library.
  2364 | D:4      | Noticed a phantom
  2367 | D:4      | Killed a phantom
  2368 | D:4      | Reached skill level 2 in Polearms
  2394 | D:4      | Noticed a sky beast
  2395 | D:4      | You fall into a shaft and drop 3 floors!
  2425 | D:7      | Reached skill level 3 in Polearms
  2425 | D:7      | Reached XP level 6. HP: 44/44 MP: 6/6
  2515 | D:7      | Noticed a steam dragon
  2554 | D:7      | Reached skill level 4 in Polearms
  2563 | D:7      | Reached XP level 7. HP: 46/50 MP: 7/7
  2659 | D:7      | Noticed a wyvern
  2665 | D:7      | Killed a wyvern
  2666 | D:7      | Reached skill level 5 in Polearms
  2861 | D:6      | Reached skill level 6 in Polearms
  2930 | D:6      | Reached XP level 8. HP: 48/56 MP: 8/8
  2938 | D:6      | Found a staircase to the Ecumenical Temple.
  3015 | D:6      | Found a glowing drain.
  3021 | Sewer    | Entered a sewer
  3098 | Sewer    | Reached skill level 7 in Polearms
  3169 | Sewer    | Found a white marble altar of Elyvilon.
  3590 | D:6      | You pick up a book of Ice and begin reading...
  3590 | D:6      | You add the spells Sculpt Simulacrum, Ozocubu's
                  | Refrigeration and Polar Vortex to your library.
  3642 | D:6      | Noticed Prince Ribbit
  3648 | D:6      | Killed Prince Ribbit
  3649 | D:6      | Reached skill level 8 in Polearms
  3674 | D:6      | You pick up a book of Misfortune and begin reading...
  3674 | D:6      | You add the spells Jinxbite, Yara's Violent Unravelling and
                  | Enfeeble to your library.
  3955 | D:6      | Found a runed translucent door.
  3956 | D:6      | Noticed Crazy Yiuf
  3960 | D:6      | Killed Crazy Yiuf
  3980 | D:6      | Identified 2 scrolls of acquirement
  3980 | D:6      | Acquired a manual of Polearms
  3982 | D:6      | Acquired 760 gold pieces
  4031 | D:5      | Entered Level 5 of the Dungeon
  4135 | D:5      | Reached skill level 9 in Polearms
  4139 | D:5      | Reached XP level 9. HP: 61/61 MP: 9/9
  4183 | D:5      | You pick up a book of Vapours and begin reading...
  4228 | D:5      | Reached skill level 10 in Polearms
  4272 | D:5      | Found Nycw's Jewellery Shoppe.
  4757 | D:4      | Reached skill level 11 in Polearms
  4841 | D:4      | Noticed Pikel
  4863 | D:4      | Killed Pikel
  4864 | D:4      | Reached skill level 12 in Polearms
  4975 | D:4      | Noticed Grinder
  4982 | D:4      | Killed Grinder
  5010 | D:4      | Reached skill level 13 in Polearms
  5248 | D:4      | Noticed Robin
  5257 | D:4      | Killed Robin
  5467 | D:4      | Noticed Sigmund
  5477 | D:4      | Killed Sigmund
  5743 | D:5      | Bought a scorched scale mail for 180 gold pieces
  5743 | D:5      | Identified the +0 scale mail of the Centaur {+Inv Int+3}
                  | (You bought it in a shop on level 5 of the Dungeon)
  5865 | D:7      | Reached skill level 3 in Fighting
  6010 | D:7      | Noticed a manticore
  6016 | D:7      | Killed a manticore
  6017 | D:7      | Reached skill level 4 in Fighting
  6017 | D:7      | Reached XP level 10. HP: 40/71 MP: 10/10
  6119 | D:7      | Noticed a manticore
  6122 | D:7      | Noticed a manticore
  6126 | D:7      | HP: 9/71 [manticore/volley of spikes (16)]
  6309 | D:8      | Reached skill level 14 in Polearms
  6313 | D:8      | Reached skill level 5 in Fighting
  6411 | D:8      | Reached skill level 6 in Fighting
  6545 | D:8      | You pick up a book of Storms and begin reading...
  6545 | D:8      | You add the spells Static Discharge, Airstrike and Summon
                  | Lightning Spire to your library.
  6654 | D:8      | Found a radiant altar of Vehumet.
  6655 | D:8      | Found an ornate altar of the Wu Jian Council.
  6668 | D:8      | Found a white marble altar of Elyvilon.
  6788 | D:8      | Reached skill level 7 in Fighting
  6986 | D:9      | Noticed Erica
  6995 | D:9      | Killed Erica
  6996 | D:9      | Reached skill level 8 in Fighting
  7475 | D:9      | Reached skill level 9 in Fighting
  7605 | D:9      | Found a staircase to the Lair.
  7617 | D:9      | Reached XP level 11. HP: 89/89 MP: 11/11
  7638 | D:8      | You add the spells Gell's Gravitas, Teleport Other and
                  | Dispersal to your library.
  7641 | D:8      | Identified the +4 ring mail "Toup Omo" {rF+ Str+4}
  7689 | D:9      | Noticed a centaur warrior
  7698 | D:9      | Killed a centaur warrior
  7815 | D:9      | Found a large runed translucent door.
  7815 | D:9      | Found a large runed translucent door.
  7816 | D:9      | Noticed shadizar's ghost (novice DjIE)
  8101 | D:10     | Entered Level 10 of the Dungeon
  8135 | D:10     | Noticed a white ugly thing
  8135 | D:10     | Noticed a fire dragon
  8135 | D:10     | Noticed a centaur warrior
  8200 | D:9      | Upgraded the game from 0.32-a0-705-g60f233581c to
                  | 0.32-a0-711-g016ad743e0
  8210 | D:9      | magus.rc [v1.9.6]
  8267 | Lair:1   | Entered Level 1 of the Lair of Beasts
  8286 | D:9      | Reached skill level 10 in Fighting
  8806 | Lair:1   | Reached skill level 11 in Fighting
  9355 | Lair:1   | You add the spells Tukima's Dance and Passage of Golubria
                  | to your library.
  9461 | Lair:1   | Noticed Gastronok
  9479 | Lair:1   | Killed Gastronok
  9480 | Lair:1   | Reached skill level 12 in Fighting
  9480 | Lair:1   | Reached skill level 1 in Armour
  9480 | Lair:1   | Reached skill level 3 in Dodging
  9483 | Lair:1   | HP: 21/95 [yak (6)]
  9917 | Lair:1   | Reached skill level 2 in Armour
 10405 | Lair:2   | Reached skill level 4 in Dodging
 10406 | Lair:2   | Noticed Fannar
 10415 | Lair:2   | Killed Fannar
 10416 | Lair:2   | Reached skill level 3 in Armour
 10416 | Lair:2   | Reached XP level 12. HP: 74/102 MP: 12/12
 10425 | Lair:2   | HP: 24/102 [poisoned by a cane toad]
 10430 | Lair:2   | HP: 18/102 [poisoned by a cane toad]
 10450 | Lair:2   | Noticed Amaemon
 10796 | Lair:3   | Noticed a seven-headed hydra
 10816 | Lair:3   | Killed a nine-headed hydra
 10817 | Lair:3   | Reached skill level 4 in Armour
 10817 | Lair:3   | Reached skill level 5 in Dodging
 11263 | Lair:3   | You pick up a book of Scorching and begin reading...
 11263 | Lair:3   | You add the spells Scorch, Flame Wave and Summon Cactus
                  | Giant to your library.
 11394 | Lair:3   | Reached skill level 5 in Armour
 11538 | Lair:3   | Noticed a death yak
 11550 | Lair:3   | Noticed a death yak
 11551 | Lair:3   | Noticed a death yak
 11551 | Lair:3   | Noticed a death yak
 11552 | Lair:3   | Killed a death yak
 11552 | Lair:3   | Noticed a death yak
 11553 | Lair:3   | Reached skill level 6 in Dodging
 11553 | Lair:3   | Noticed a death yak
 11578 | Lair:2   | Killed a death yak
 11746 | Lair:2   | Noticed Maggie
 11757 | Lair:2   | Killed Maggie
 11904 | Lair:2   | Killed Amaemon
 11918 | Lair:2   | Reached skill level 6 in Armour
 12195 | Lair:2   | Identified the +1 leather armour "Enul" {rPois rC+ MP+9}
 12331 | Lair:2   | Found a staircase to the Snake Pit.
 12904 | Lair:3   | Found a staircase to the Shoals.
 12910 | Lair:3   | Reached skill level 7 in Dodging
 13096 | Lair:4   | Found a staircase to the Slime Pits.
 13100 | Lair:4   | You pick up a book of Armaments and begin reading...
 13100 | Lair:4   | You add the spells Stone Arrow, Animate Armour and
                  | Lehudib's Crystal Spear to your library.
 13373 | Lair:4   | Acquired 811 gold pieces
 13437 | Lair:4   | Reached skill level 7 in Armour
 13606 | Lair:4   | Reached skill level 8 in Dodging
 13624 | Lair:4   | Reached XP level 13. HP: 108/108 MP: 13/13
 13756 | Lair:4   | Reached skill level 8 in Armour
 13887 | Lair:4   | You pick up a book of Dreams and begin reading...
 13887 | Lair:4   | You add the spells Ensorcelled Hibernation, Fugue of the
                  | Fallen and Anguish to your library.
 14046 | Lair:4   | Reached skill level 9 in Dodging
 14825 | Lair:1   | Bought the +8 demon trident "Rift" {distort, reach+} for
                  | 2873 gold pieces
 14825 | Lair:1   | Found the +8 demon trident "Rift" {distort, reach+,
                  | polearm}
 14925 | Lair:5   | Entered Level 5 of the Lair of Beasts
 14933 | Lair:5   | Reached skill level 9 in Armour
 14974 | Lair:5   | Reached skill level 10 in Dodging
 15112 | Lair:5   | Reached skill level 10 in Armour
 15246 | Lair:5   | Found the +7 great mace "Firestarter" {flame, immolate,
                  | rFlCloud rF++}
 15319 | Lair:5   | You pick up a book of Spatial Translocations and begin
                  | reading...
 15319 | Lair:5   | You add the spells Blink, Momentum Strike and Lesser
                  | Beckoning to your library.
 15358 | Lair:5   | Reached skill level 1 in Evocations
 15468 | Lair:5   | Reached skill level 2 in Evocations
 15471 | Lair:5   | Reached XP level 14. HP: 115/115 MP: 14/14
 15486 | Lair:5   | Reached skill level 3 in Evocations
 15496 | Lair:5   | Acquired an actuated capacitor {rPois rC+ rCorr Clar RMsl}
 15649 | Lair:5   | Reached skill level 4 in Evocations
 16054 | D:9      | Killed shadizar's ghost
 16055 | D:9      | Reached skill level 5 in Evocations
 16699 | D:10     | Reached skill level 6 in Evocations
 16705 | D:10     | Reached skill level 13 in Fighting
 16907 | D:10     | You pick up a book of Power and begin reading...
 16907 | D:10     | You add the spells Iskenderun's Battlesphere, Bombard and
                  | Spellforged Servitor to your library.
 17034 | D:10     | Reached skill level 7 in Evocations
 17609 | D:10     | Noticed Snorg
 17616 | D:10     | Killed Snorg
 17617 | D:10     | Reached skill level 14 in Fighting
 17617 | D:10     | Reached skill level 8 in Evocations
 18054 | D:5      | Bought the +2 hood of the Assassin {Detect Stab+ Stlth++}
                  | for 1200 gold pieces
 18054 | D:5      | Found the +2 hood of the Assassin {Detect Stab+ Stlth++}
 18167 | D:1      | Bought a scroll of enchant armour for 97 gold pieces
 18167 | D:1      | Bought a scroll of enchant armour for 97 gold pieces
 18167 | D:1      | Bought a scroll of teleportation for 39 gold pieces
 18167 | D:1      | Bought a scroll of teleportation for 39 gold pieces
 18169 | D:1      | magus.rc [v1.9.6]
 18533 | D:11     | Found a staircase to the Orcish Mines.
 19545 | D:12     | Reached skill level 9 in Evocations
 19964 | Orc:1    | Entered Level 1 of the Orcish Mines
 19965 | Orc:1    | Noticed Sonja
 19974 | Orc:1    | Killed Sonja
 19975 | Orc:1    | Reached skill level 1 in Stealth
 20084 | Orc:1    | Noticed an orc warlord
 20106 | Orc:1    | Killed an orc warlord
 20243 | Orc:2    | Entered Level 2 of the Orcish Mines
 20263 | Orc:1    | Reached skill level 15 in Fighting
 20263 | Orc:1    | Reached skill level 2 in Stealth
 20268 | Orc:1    | Noticed Nergalle
 20284 | Orc:1    | Killed Nergalle
 20325 | Orc:1    | Found a dark tunnel.
 20333 | Orc:1    | Reached skill level 10 in Evocations
 20336 | Volcano  | Entered a volcano
 20405 | Volcano  | Reached skill level 3 in Stealth
 20405 | Volcano  | Reached XP level 15. HP: 129/129 MP: 15/15
 20836 | Orc:2    | Found a staircase to the Elven Halls.
 20850 | Orc:2    | Reached skill level 4 in Stealth
 21124 | Orc:2    | Reached skill level 16 in Fighting
 21130 | Orc:2    | Noticed Azrael
 21145 | Orc:2    | Killed Azrael
 21191 | Orc:2    | Found Iffid Qyre's Distillery.
 21265 | Orc:2    | Found a roughly hewn altar of Beogh.
 21356 | Orc:2    | Bought 2 potions of mutation for 192 gold pieces
 21356 | Orc:2    | Bought a potion of heal wounds for 60 gold pieces
 21485 | Orc:2    | Noticed an orc warlord
 21486 | Orc:2    | Reached skill level 5 in Stealth
 21497 | Orc:2    | Aim: an orc, wielding a +0 whip and wearing a +0 leather
                  | armour (inner flame, about 23% to evade the +8 demon
                  | trident "Rift")
 21497 | Orc:2    | Aim: an orc, wielding a +0 whip and wearing a +0 leather
                  | armour (inner flame, about 23% to evade the +8 demon
                  | trident "Rift")
 21663 | Orc:2    | Found a roughly hewn altar of Beogh.
 21702 | Orc:2    | Found a roughly hewn altar of Beogh.
 21739 | Orc:2    | Banished an orc warlord
 21741 | Orc:2    | Found a roughly hewn altar of Beogh.
 21754 | Orc:2    | Found Evvuneal's Book Boutique.
 21833 | Orc:2    | Found Arasamp's Antique Armour Shoppe.
 21835 | Orc:2    | Found a roughly hewn altar of Beogh.
 21839 | Orc:2    | Found Ribref's Antique Weapon Emporium.
 22223 | Orc:2    | Found a roughly hewn altar of Beogh.
 22234 | Orc:2    | Found Meema's Book Shop.
 22248 | Orc:2    | Bought a manual of Dodging for 1200 gold pieces
 22443 | D:13     | Reached skill level 17 in Fighting
 22456 | D:13     | You pick up a book of Flames and begin reading...
 22456 | D:13     | You add the spells Inner Flame and Sticky Flame to your
                  | library.
 22476 | D:13     | Found a flickering gateway to a bazaar.
 22481 | Bazaar   | Entered a bazaar
 22481 | Bazaar   | Found Gepeubinuk's Antique Armour Emporium.
 22481 | Bazaar   | Found Seaca's General Store.
 22481 | Bazaar   | Found Coki Gua's Antique Weapon Shoppe.
 22481 | Bazaar   | Found Siubokhoeco's Book Shop.
 22483 | Bazaar   | Found Egerghoe's Distillery.
 22522 | Bazaar   | Bought a pair of crude boots for 171 gold pieces
 22522 | Bazaar   | Identified the +0 pair of boots "Leottyip" {rC+ MP+9} (You
                  | bought it in a shop in a bazaar)
 22546 | Bazaar   | Bought a twisted trident for 170 gold pieces
 22546 | Bazaar   | Identified the +0 trident "Cirenul" {freeze, Dex+8} (You
                  | bought it in a shop in a bazaar)
 22555 | Bazaar   | Bought a potion of haste for 100 gold pieces
 22555 | Bazaar   | Bought a potion of haste for 100 gold pieces
 22555 | Bazaar   | Bought a potion of heal wounds for 50 gold pieces
 23026 | D:14     | Reached skill level 11 in Dodging
 23033 | D:14     | Reached skill level 6 in Stealth
 23212 | D:14     | Found a gate to the Vaults.
 23565 | D:14     | Noticed Ujyxuu Gaynk's ghost (adept CoAr)
 23572 | D:14     | Found a runed translucent door.
 24034 | D:14     | Killed Ujyxuu Gaynk's ghost
 24089 | D:15     | Entered Level 15 of the Dungeon
 24095 | D:15     | Reached skill level 12 in Dodging
 24107 | D:15     | Reached skill level 7 in Stealth
 24171 | D:15     | Reached skill level 18 in Fighting
 24276 | D:15     | Found a shadowy altar of Dithmenos.
 24295 | D:15     | Reached XP level 16. HP: 143/143 MP: 16/16
 24407 | D:15     | Found a staircase to the Depths.
 24487 | D:15     | You pick up a book of Air and begin reading...
 24487 | D:15     | You add the spells Shock and Swiftness to your library.
 24685 | Lair:1   | Gained mutation: You occasionally shout uncontrollably at
                  | your foes. [potion of mutation]
 24685 | Lair:1   | Gained mutation: You are covered in fur. (AC +1) [potion of
                  | mutation]
 24685 | Lair:1   | Gained mutation: You have a beak for a mouth. [potion of
                  | mutation]
 24686 | Lair:1   | magus.rc [v1.9.6]
 24775 | Snake:1  | Entered Level 1 of the Snake Pit
 24841 | Snake:1  | Reached skill level 13 in Dodging
 24902 | Snake:1  | Reached skill level 8 in Stealth
 25423 | Snake:1  | You fall into a shaft and drop 1 floor!
 25592 | Snake:1  | Reached skill level 14 in Dodging
 25652 | Snake:1  | Reached skill level 9 in Stealth
 26178 | Snake:2  | Noticed a nagaraja
 26180 | Snake:2  | Killed a nagaraja
 26386 | Snake:2  | Noticed Nikola
 26390 | Snake:2  | Killed Nikola
 26391 | Snake:2  | Reached skill level 15 in Dodging
 26445 | Snake:2  | Found Toud's Assorted Antiques.
 26619 | Snake:2  | Reached skill level 10 in Stealth
 26673 | Snake:2  | Aim: a salamander, wielding a +0 shortbow of flaming
                  | (heavily wounded, wandering, hasn't noticed you, about 16%
                  | to evade the +8 demon trident "Rift")
 26673 | Snake:2  | Aim: a salamander, wielding a +0 shortbow of flaming
                  | (heavily wounded, wandering, hasn't noticed you, about 16%
                  | to evade the +8 demon trident "Rift")
 26990 | Snake:2  | You pick up a book of Minor Magic and begin reading...
 26990 | Snake:2  | You add the spells Magic Dart and Call Imp to your library.
 27212 | Snake:3  | Reached XP level 17. HP: 119/151 MP: 17/17
 27217 | Snake:3  | Reached skill level 11 in Evocations
 27521 | Snake:3  | Reached skill level 12 in Evocations
 27800 | Snake:3  | Reached skill level 13 in Evocations
 28352 | Snake:4  | Entered Level 4 of the Snake Pit
 28361 | Snake:4  | Reached skill level 14 in Evocations
 28362 | Snake:4  | Noticed Saint Roka
 28378 | Snake:4  | Killed Saint Roka
 28558 | Snake:4  | Found a shadowy altar of Dithmenos.
 28598 | Snake:4  | Reached skill level 15 in Evocations
 29817 | Snake:4  | Reached skill level 19 in Fighting
 29817 | Snake:4  | Reached skill level 11 in Stealth
 29873 | Snake:4  | Reached XP level 18. HP: 149/160 MP: 18/18
 29996 | Snake:4  | Aim: a naga ritualist, wielding a +0 arbalest and wearing a
                  | +0 robe (radiating toxic energy, about 22% to evade the +8
                  | demon trident "Rift")
 29996 | Snake:4  | Aim: a naga ritualist, wielding a +0 arbalest and wearing a
                  | +0 robe (radiating toxic energy, about 22% to evade the +8
                  | demon trident "Rift")
 29997 | Snake:4  | Aim: a naga ritualist, wielding a +0 arbalest and wearing a
                  | +0 robe (lightly wounded, radiating toxic energy, about 22%
                  | to evade the +8 demon trident "Rift")
 29997 | Snake:4  | Aim: a naga ritualist, wielding a +0 arbalest and wearing a
                  | +0 robe (lightly wounded, radiating toxic energy, about 22%
                  | to evade the +8 demon trident "Rift")
 30271 | Snake:4  | Aim: a naga ritualist, wielding a +0 dire flail and wearing
                  | a +0 robe (radiating toxic energy, about 22% to evade the
                  | +8 demon trident "Rift")
 30271 | Snake:4  | Aim: a naga ritualist, wielding a +0 dire flail and wearing
                  | a +0 robe (radiating toxic energy, about 22% to evade the
                  | +8 demon trident "Rift")
 30434 | Snake:4  | Got a serpentine rune of Zot
 30846 | Lair:2   | Bought a scroll of blinking for 75 gold pieces
 30846 | Lair:2   | Bought a scroll of blinking for 75 gold pieces
 30846 | Lair:2   | Bought a scroll of enchant weapon for 75 gold pieces
 30846 | Lair:2   | Bought a scroll of enchant weapon for 75 gold pieces
 30846 | Lair:2   | Bought a scroll of fear for 40 gold pieces
 30857 | Lair:2   | Bought a scroll of summoning for 142 gold pieces
 30919 | Shoals:1 | Entered Level 1 of the Shoals
 30928 | Shoals:1 | magus.rc [v1.9.6]
 31312 | Shoals:1 | Reached skill level 12 in Stealth
 31316 | Shoals:1 | Aim: a merfolk, wielding a +0 spear and quivering
                  | boomerangs (moderately wounded, about 26% to evade the +8
                  | demon trident "Rift")
 31316 | Shoals:1 | Aim: a merfolk, wielding a +0 spear and quivering
                  | boomerangs (moderately wounded, about 26% to evade the +8
                  | demon trident "Rift")
 31317 | Shoals:1 | Aim: a merfolk, wielding a +0 spear and quivering
                  | boomerangs (moderately wounded, about 26% to evade the +8
                  | demon trident "Rift")
 31317 | Shoals:1 | Aim: a merfolk, wielding a +0 spear and quivering
                  | boomerangs (moderately wounded, about 26% to evade the +8
                  | demon trident "Rift")
 31323 | Shoals:1 | Aim: a merfolk, wielding a +0 spear and quivering
                  | boomerangs (heavily wounded, about 26% to evade the +8
                  | demon trident "Rift")
 31323 | Shoals:1 | Aim: a merfolk, wielding a +0 spear and quivering
                  | boomerangs (heavily wounded, about 26% to evade the +8
                  | demon trident "Rift")
 31724 | Shoals:1 | Found a shimmering blue altar of Sif Muna.
 31750 | Shoals:2 | Noticed Louise
 31751 | Shoals:2 | Killed Louise
 31771 | Shoals:2 | Aim: a merfolk, wielding a +0 trident (about 26% to evade
                  | the +8 demon trident "Rift")
 31771 | Shoals:2 | Aim: a merfolk, wielding a +0 trident (about 26% to evade
                  | the +8 demon trident "Rift")
 31772 | Shoals:2 | Aim: a merfolk, wielding a +0 trident (severely wounded,
                  | about 26% to evade the +8 demon trident "Rift")
 31772 | Shoals:2 | Aim: a merfolk, wielding a +0 trident (severely wounded,
                  | about 26% to evade the +8 demon trident "Rift")
 31776 | Shoals:2 | Aim: a merfolk, wielding a +0 trident and quivering
                  | boomerangs (about 26% to evade the +8 demon trident "Rift")
 31776 | Shoals:2 | Aim: a merfolk, wielding a +0 trident and quivering
                  | boomerangs (about 26% to evade the +8 demon trident "Rift")
 31781 | Shoals:2 | Aim: a merfolk siren, wielding a +0 spear (about 26% to
                  | evade the +8 demon trident "Rift")
 31781 | Shoals:2 | Aim: a merfolk siren, wielding a +0 spear (about 26% to
                  | evade the +8 demon trident "Rift")
 31782 | Shoals:2 | Aim: a merfolk, wielding a +1 trident of freezing and
                  | quivering boomerangs (about 26% to evade the +8 demon
                  | trident "Rift")
 31782 | Shoals:2 | Aim: a merfolk, wielding a +1 trident of freezing and
                  | quivering boomerangs (about 26% to evade the +8 demon
                  | trident "Rift")
 31783 | Shoals:2 | Aim: a merfolk, wielding a +1 trident of freezing and
                  | quivering boomerangs (heavily wounded, about 26% to evade
                  | the +8 demon trident "Rift")
 31783 | Shoals:2 | Aim: a merfolk, wielding a +1 trident of freezing and
                  | quivering boomerangs (heavily wounded, about 26% to evade
                  | the +8 demon trident "Rift")
 31784 | Shoals:2 | Aim: a merfolk, wielding a +1 trident of freezing and
                  | quivering boomerangs (heavily wounded, about 26% to evade
                  | the +8 demon trident "Rift")
 31784 | Shoals:2 | Aim: a merfolk, wielding a +1 trident of freezing and
                  | quivering boomerangs (heavily wounded, about 26% to evade
                  | the +8 demon trident "Rift")
 31785 | Shoals:2 | Aim: a merfolk, wielding a +1 trident of freezing and
                  | quivering boomerangs (heavily wounded, about 26% to evade
                  | the +8 demon trident "Rift")
 31785 | Shoals:2 | Aim: a merfolk, wielding a +1 trident of freezing and
                  | quivering boomerangs (heavily wounded, about 26% to evade
                  | the +8 demon trident "Rift")
 31786 | Shoals:2 | Aim: a merfolk, wielding a +1 trident of freezing and
                  | quivering boomerangs (almost dead, about 26% to evade the
                  | +8 demon trident "Rift")
 31786 | Shoals:2 | Aim: a merfolk, wielding a +1 trident of freezing and
                  | quivering boomerangs (almost dead, about 26% to evade the
                  | +8 demon trident "Rift")
 31787 | Shoals:2 | Aim: a merfolk, wielding a +1 trident of freezing and
                  | quivering boomerangs (almost dead, about 26% to evade the
                  | +8 demon trident "Rift")
 31787 | Shoals:2 | Aim: a merfolk, wielding a +1 trident of freezing and
                  | quivering boomerangs (almost dead, about 26% to evade the
                  | +8 demon trident "Rift")
 31788 | Shoals:2 | Aim: a merfolk, wielding a +1 trident of protection (about
                  | 26% to evade the +8 demon trident "Rift")
 31788 | Shoals:2 | Aim: a merfolk, wielding a +1 trident of protection (about
                  | 26% to evade the +8 demon trident "Rift")
 31789 | Shoals:2 | Aim: a merfolk, wielding a +0 trident and quivering
                  | boomerangs (severely wounded, about 26% to evade the +8
                  | demon trident "Rift")
 31789 | Shoals:2 | Aim: a merfolk, wielding a +0 trident and quivering
                  | boomerangs (severely wounded, about 26% to evade the +8
                  | demon trident "Rift")
 31790 | Shoals:2 | Aim: a merfolk siren, wielding a +0 spear (almost dead,
                  | about 26% to evade the +8 demon trident "Rift")
 31790 | Shoals:2 | Aim: a merfolk siren, wielding a +0 spear (almost dead,
                  | about 26% to evade the +8 demon trident "Rift")
 31791 | Shoals:2 | Reached skill level 20 in Fighting
 32587 | Shoals:2 | Reached skill level 11 in Armour
 33368 | Shoals:3 | Reached skill level 12 in Armour
 33793 | Shoals:3 | Aim: a merfolk impaler, wielding a +4 heavy trident and
                  | wearing a +0 robe (heavily wounded, about 37% to evade the
                  | +8 demon trident "Rift")
 33793 | Shoals:3 | Aim: a merfolk impaler, wielding a +4 heavy trident and
                  | wearing a +0 robe (heavily wounded, about 37% to evade the
                  | +8 demon trident "Rift")
 33798 | Shoals:3 | Aim: a merfolk, wielding a +0 glaive (heavily wounded,
                  | about 25% to evade the +8 demon trident "Rift")
 33798 | Shoals:3 | Aim: a merfolk, wielding a +0 glaive (heavily wounded,
                  | about 25% to evade the +8 demon trident "Rift")
 33799 | Shoals:3 | Aim: a merfolk, wielding a +0 glaive (heavily wounded,
                  | about 25% to evade the +8 demon trident "Rift")
 33799 | Shoals:3 | Aim: a merfolk, wielding a +0 glaive (heavily wounded,
                  | about 25% to evade the +8 demon trident "Rift")
 33800 | Shoals:3 | Aim: a merfolk, wielding a +0 glaive (heavily wounded,
                  | about 25% to evade the +8 demon trident "Rift")
 33800 | Shoals:3 | Aim: a merfolk, wielding a +0 glaive (heavily wounded,
                  | about 25% to evade the +8 demon trident "Rift")
 33801 | Shoals:3 | Aim: a merfolk, wielding a +0 glaive (heavily wounded,
                  | about 25% to evade the +8 demon trident "Rift")
 33801 | Shoals:3 | Aim: a merfolk, wielding a +0 glaive (heavily wounded,
                  | about 25% to evade the +8 demon trident "Rift")
 33802 | Shoals:3 | Aim: a merfolk, wielding a +0 glaive (heavily wounded,
                  | about 25% to evade the +8 demon trident "Rift")
 33802 | Shoals:3 | Aim: a merfolk, wielding a +0 glaive (heavily wounded,
                  | about 25% to evade the +8 demon trident "Rift")
 33803 | Shoals:3 | Aim: a merfolk, wielding a +0 glaive (heavily wounded,
                  | about 25% to evade the +8 demon trident "Rift")
 33803 | Shoals:3 | Aim: a merfolk, wielding a +0 glaive (heavily wounded,
                  | about 25% to evade the +8 demon trident "Rift")
 33804 | Shoals:3 | Aim: a merfolk, wielding a +0 glaive (heavily wounded,
                  | about 25% to evade the +8 demon trident "Rift")
 33804 | Shoals:3 | Aim: a merfolk, wielding a +0 glaive (heavily wounded,
                  | about 25% to evade the +8 demon trident "Rift")
 33805 | Shoals:3 | Aim: a merfolk, wielding a +0 glaive (almost dead, about
                  | 25% to evade the +8 demon trident "Rift")
 33805 | Shoals:3 | Aim: a merfolk, wielding a +0 glaive (almost dead, about
                  | 25% to evade the +8 demon trident "Rift")
 33806 | Shoals:3 | Aim: a merfolk, wielding a +0 glaive (almost dead, about
                  | 25% to evade the +8 demon trident "Rift")
 33806 | Shoals:3 | Aim: a merfolk, wielding a +0 glaive (almost dead, about
                  | 25% to evade the +8 demon trident "Rift")
 33807 | Shoals:3 | Aim: a merfolk, wielding a +0 glaive (almost dead, about
                  | 25% to evade the +8 demon trident "Rift")
 33807 | Shoals:3 | Aim: a merfolk, wielding a +0 glaive (almost dead, about
                  | 25% to evade the +8 demon trident "Rift")
 34290 | Shoals:4 | Entered Level 4 of the Shoals
 34423 | Shoals:4 | Reached skill level 13 in Stealth
 34508 | Shoals:4 | Identified the +2 robe "Pocotu" {+Blink rElec rC++ Int-4}
 34510 | Shoals:4 | Aim: a merfolk aquamancer, wielding a +0 rapier and wearing
                  | a +0 robe (water, about 25% to evade the +8 demon trident
                  | "Rift")
 34510 | Shoals:4 | Aim: a merfolk aquamancer, wielding a +0 rapier and wearing
                  | a +0 robe (water, about 25% to evade the +8 demon trident
                  | "Rift")
 34511 | Shoals:4 | Aim: a merfolk aquamancer, wielding a +0 rapier and wearing
                  | a +0 robe (water, moderately wounded, about 25% to evade
                  | the +8 demon trident "Rift")
 34511 | Shoals:4 | Aim: a merfolk aquamancer, wielding a +0 rapier and wearing
                  | a +0 robe (water, moderately wounded, about 25% to evade
                  | the +8 demon trident "Rift")
 34512 | Shoals:4 | Aim: a merfolk aquamancer, wielding a +0 rapier and wearing
                  | a +0 robe (water, moderately wounded, about 25% to evade
                  | the +8 demon trident "Rift")
 34512 | Shoals:4 | Aim: a merfolk aquamancer, wielding a +0 rapier and wearing
                  | a +0 robe (water, moderately wounded, about 25% to evade
                  | the +8 demon trident "Rift")
 34513 | Shoals:4 | Aim: a merfolk aquamancer, wielding a +0 rapier and wearing
                  | a +0 robe (heavily wounded, about 25% to evade the +8 demon
                  | trident "Rift")
 34513 | Shoals:4 | Aim: a merfolk aquamancer, wielding a +0 rapier and wearing
                  | a +0 robe (heavily wounded, about 25% to evade the +8 demon
                  | trident "Rift")
 34514 | Shoals:4 | Aim: a merfolk aquamancer, wielding a +0 rapier and wearing
                  | a +0 robe (almost dead, about 25% to evade the +8 demon
                  | trident "Rift")
 34514 | Shoals:4 | Aim: a merfolk aquamancer, wielding a +0 rapier and wearing
                  | a +0 robe (almost dead, about 25% to evade the +8 demon
                  | trident "Rift")
 34515 | Shoals:4 | Reached XP level 19. HP: 113/169 MP: 19/19
 34587 | Shoals:4 | Aim: a merfolk javelineer, wielding a +0 spear, wearing a
                  | +0 leather armour and quivering silver javelins (lightly
                  | wounded, unaware, hasn't noticed you, about 25% to evade
                  | the +8 demon trident "Rift")
 34587 | Shoals:4 | Aim: a merfolk javelineer, wielding a +0 spear, wearing a
                  | +0 leather armour and quivering silver javelins (lightly
                  | wounded, unaware, hasn't noticed you, about 25% to evade
                  | the +8 demon trident "Rift")
 34765 | Shoals:4 | Aim: a merfolk impaler, wielding a +5 heavy trident and
                  | wearing a +0 robe (about 37% to evade the +8 demon trident
                  | "Rift")
 34765 | Shoals:4 | Aim: a merfolk impaler, wielding a +5 heavy trident and
                  | wearing a +0 robe (about 37% to evade the +8 demon trident
                  | "Rift")
 34766 | Shoals:4 | Aim: a merfolk impaler, wielding a +5 heavy trident and
                  | wearing a +0 robe (about 37% to evade the +8 demon trident
                  | "Rift")
 34766 | Shoals:4 | Aim: a merfolk impaler, wielding a +5 heavy trident and
                  | wearing a +0 robe (about 37% to evade the +8 demon trident
                  | "Rift")
 34767 | Shoals:4 | Aim: a merfolk impaler, wielding a +5 heavy trident and
                  | wearing a +0 robe (severely wounded, about 37% to evade the
                  | +8 demon trident "Rift")
 34767 | Shoals:4 | Aim: a merfolk impaler, wielding a +5 heavy trident and
                  | wearing a +0 robe (severely wounded, about 37% to evade the
                  | +8 demon trident "Rift")
 34770 | Shoals:4 | Aim: a merfolk, wielding a +0 trident (about 25% to evade
                  | the +8 demon trident "Rift")
 34770 | Shoals:4 | Aim: a merfolk, wielding a +0 trident (about 25% to evade
                  | the +8 demon trident "Rift")
 34771 | Shoals:4 | Aim: a merfolk, wielding a +0 trident (about 25% to evade
                  | the +8 demon trident "Rift")
 34771 | Shoals:4 | Aim: a merfolk, wielding a +0 trident (about 25% to evade
                  | the +8 demon trident "Rift")
 34772 | Shoals:4 | Aim: a merfolk, wielding a +0 trident (moderately wounded,
                  | about 25% to evade the +8 demon trident "Rift")
 34772 | Shoals:4 | Aim: a merfolk, wielding a +0 trident (moderately wounded,
                  | about 25% to evade the +8 demon trident "Rift")
 34773 | Shoals:4 | Aim: a merfolk, wielding a +0 trident (moderately wounded,
                  | about 25% to evade the +8 demon trident "Rift")
 34773 | Shoals:4 | Aim: a merfolk, wielding a +0 trident (moderately wounded,
                  | about 25% to evade the +8 demon trident "Rift")
 34774 | Shoals:4 | Aim: a merfolk, wielding a +0 trident (almost dead, about
                  | 25% to evade the +8 demon trident "Rift")
 34774 | Shoals:4 | Aim: a merfolk, wielding a +0 trident (almost dead, about
                  | 25% to evade the +8 demon trident "Rift")
 34775 | Shoals:4 | Aim: a merfolk, wielding a +0 glaive (about 25% to evade
                  | the +8 demon trident "Rift")
 34775 | Shoals:4 | Aim: a merfolk, wielding a +0 glaive (about 25% to evade
                  | the +8 demon trident "Rift")
 34776 | Shoals:4 | Aim: a merfolk, wielding a +0 glaive (moderately wounded,
                  | about 25% to evade the +8 demon trident "Rift")
 34776 | Shoals:4 | Aim: a merfolk, wielding a +0 glaive (moderately wounded,
                  | about 25% to evade the +8 demon trident "Rift")
 34777 | Shoals:4 | Aim: a merfolk, wielding a +0 glaive (heavily wounded,
                  | unaware, hasn't noticed you, about 25% to evade the +8
                  | demon trident "Rift")
 34777 | Shoals:4 | Aim: a merfolk, wielding a +0 glaive (heavily wounded,
                  | unaware, hasn't noticed you, about 25% to evade the +8
                  | demon trident "Rift")
 34778 | Shoals:4 | Aim: a merfolk, wielding a +0 glaive (heavily wounded,
                  | about 25% to evade the +8 demon trident "Rift")
 34778 | Shoals:4 | Aim: a merfolk, wielding a +0 glaive (heavily wounded,
                  | about 25% to evade the +8 demon trident "Rift")
 34779 | Shoals:4 | Aim: a merfolk, wielding a +0 glaive (heavily wounded,
                  | about 25% to evade the +8 demon trident "Rift")
 34779 | Shoals:4 | Aim: a merfolk, wielding a +0 glaive (heavily wounded,
                  | about 25% to evade the +8 demon trident "Rift")
 34780 | Shoals:4 | Aim: a merfolk, wielding a +0 glaive (almost dead, about
                  | 25% to evade the +8 demon trident "Rift")
 34780 | Shoals:4 | Aim: a merfolk, wielding a +0 glaive (almost dead, about
                  | 25% to evade the +8 demon trident "Rift")
 34811 | Shoals:4 | Aim: a merfolk, wielding a +0 trident (about 25% to evade
                  | the +8 demon trident "Rift")
 34811 | Shoals:4 | Aim: a merfolk, wielding a +0 trident (about 25% to evade
                  | the +8 demon trident "Rift")
 34812 | Shoals:4 | Aim: a merfolk, wielding a +0 trident (about 25% to evade
                  | the +8 demon trident "Rift")
 34812 | Shoals:4 | Aim: a merfolk, wielding a +0 trident (about 25% to evade
                  | the +8 demon trident "Rift")
 34813 | Shoals:4 | Aim: a merfolk, wielding a +0 trident (about 25% to evade
                  | the +8 demon trident "Rift")
 34813 | Shoals:4 | Aim: a merfolk, wielding a +0 trident (about 25% to evade
                  | the +8 demon trident "Rift")
 34814 | Shoals:4 | Aim: a merfolk, wielding a +0 trident (severely wounded,
                  | about 25% to evade the +8 demon trident "Rift")
 34814 | Shoals:4 | Aim: a merfolk, wielding a +0 trident (severely wounded,
                  | about 25% to evade the +8 demon trident "Rift")
 34925 | Shoals:4 | Reached skill level 14 in Stealth
 35210 | Shoals:4 | Noticed Ilsuiw
 35409 | Shoals:4 | Banished Ilsuiw
 35486 | Shoals:4 | Found Koos's Vocational Training.
 35515 | Shoals:4 | Aim: a merfolk javelineer, wielding a +1 spear of flaming,
                  | wearing a +0 leather armour and quivering silver javelins
                  | (severely wounded, about 25% to evade the +8 demon trident
                  | "Rift")
 35515 | Shoals:4 | Aim: a merfolk javelineer, wielding a +1 spear of flaming,
                  | wearing a +0 leather armour and quivering silver javelins
                  | (severely wounded, about 25% to evade the +8 demon trident
                  | "Rift")
 35516 | Shoals:4 | Aim: a merfolk javelineer, wielding a +1 spear of flaming,
                  | wearing a +0 leather armour and quivering silver javelins
                  | (severely wounded, about 25% to evade the +8 demon trident
                  | "Rift")
 35516 | Shoals:4 | Aim: a merfolk javelineer, wielding a +1 spear of flaming,
                  | wearing a +0 leather armour and quivering silver javelins
                  | (severely wounded, about 25% to evade the +8 demon trident
                  | "Rift")
 35517 | Shoals:4 | Aim: a merfolk javelineer, wielding a +1 spear of flaming,
                  | wearing a +0 leather armour and quivering silver javelins
                  | (almost dead, about 25% to evade the +8 demon trident
                  | "Rift")
 35517 | Shoals:4 | Aim: a merfolk javelineer, wielding a +1 spear of flaming,
                  | wearing a +0 leather armour and quivering silver javelins
                  | (almost dead, about 25% to evade the +8 demon trident
                  | "Rift")
 35520 | Shoals:4 | Aim: a merfolk javelineer, wielding a +1 spear of flaming,
                  | wearing a +0 leather armour and quivering javelins
                  | (unaware, hasn't noticed you, about 25% to evade the +8
                  | demon trident "Rift")
 35520 | Shoals:4 | Aim: a merfolk javelineer, wielding a +1 spear of flaming,
                  | wearing a +0 leather armour and quivering javelins
                  | (unaware, hasn't noticed you, about 25% to evade the +8
                  | demon trident "Rift")
 35521 | Shoals:4 | Aim: a merfolk javelineer, wielding a +1 spear of flaming,
                  | wearing a +0 leather armour and quivering javelins (almost
                  | dead, about 25% to evade the +8 demon trident "Rift")
 35521 | Shoals:4 | Aim: a merfolk javelineer, wielding a +1 spear of flaming,
                  | wearing a +0 leather armour and quivering javelins (almost
                  | dead, about 25% to evade the +8 demon trident "Rift")
 35569 | Shoals:4 | Aim: a merfolk, wielding a +0 trident, wearing the +2 robe
                  | "Pocotu" {+Blink rElec rC++ Int-4} and quivering boomerangs
                  | (about 25% to evade the +8 demon trident "Rift")
 35569 | Shoals:4 | Aim: a merfolk, wielding a +0 trident, wearing the +2 robe
                  | "Pocotu" {+Blink rElec rC++ Int-4} and quivering boomerangs
                  | (about 25% to evade the +8 demon trident "Rift")
 35570 | Shoals:4 | Aim: a merfolk, wielding a +0 trident, wearing the +2 robe
                  | "Pocotu" {+Blink rElec rC++ Int-4} and quivering boomerangs
                  | (heavily wounded, about 25% to evade the +8 demon trident
                  | "Rift")
 35570 | Shoals:4 | Aim: a merfolk, wielding a +0 trident, wearing the +2 robe
                  | "Pocotu" {+Blink rElec rC++ Int-4} and quivering boomerangs
                  | (heavily wounded, about 25% to evade the +8 demon trident
                  | "Rift")
 35713 | Shoals:4 | Aim: a merfolk javelineer, wielding a +0 great sword,
                  | wearing a +0 leather armour and quivering javelins (almost
                  | dead, about 25% to evade the +8 demon trident "Rift")
 35713 | Shoals:4 | Aim: a merfolk javelineer, wielding a +0 great sword,
                  | wearing a +0 leather armour and quivering javelins (almost
                  | dead, about 25% to evade the +8 demon trident "Rift")
 35714 | Shoals:4 | Aim: a merfolk javelineer, wielding a +0 great sword,
                  | wearing a +0 leather armour and quivering javelins (almost
                  | dead, about 25% to evade the +8 demon trident "Rift")
 35714 | Shoals:4 | Aim: a merfolk javelineer, wielding a +0 great sword,
                  | wearing a +0 leather armour and quivering javelins (almost
                  | dead, about 25% to evade the +8 demon trident "Rift")
 35715 | Shoals:4 | Aim: a merfolk javelineer, wielding a +0 great sword,
                  | wearing a +0 leather armour and quivering javelins (almost
                  | dead, about 25% to evade the +8 demon trident "Rift")
 35715 | Shoals:4 | Aim: a merfolk javelineer, wielding a +0 great sword,
                  | wearing a +0 leather armour and quivering javelins (almost
                  | dead, about 25% to evade the +8 demon trident "Rift")
 35716 | Shoals:4 | Aim: a merfolk javelineer, wielding a +0 great sword,
                  | wearing a +0 leather armour and quivering javelins (almost
                  | dead, about 25% to evade the +8 demon trident "Rift")
 35716 | Shoals:4 | Aim: a merfolk javelineer, wielding a +0 great sword,
                  | wearing a +0 leather armour and quivering javelins (almost
                  | dead, about 25% to evade the +8 demon trident "Rift")
 35933 | Shoals:4 | Aim: a merfolk javelineer, wielding a +2 spear of venom,
                  | wearing a +0 leather armour and quivering silver javelins
                  | (severely wounded, about 25% to evade the +8 demon trident
                  | "Rift")
 35933 | Shoals:4 | Aim: a merfolk javelineer, wielding a +2 spear of venom,
                  | wearing a +0 leather armour and quivering silver javelins
                  | (severely wounded, about 25% to evade the +8 demon trident
                  | "Rift")
 35934 | Shoals:4 | Aim: a merfolk, wielding a +0 trident and quivering
                  | boomerangs (about 25% to evade the +8 demon trident "Rift")
 35934 | Shoals:4 | Aim: a merfolk, wielding a +0 trident and quivering
                  | boomerangs (about 25% to evade the +8 demon trident "Rift")
 35935 | Shoals:4 | Aim: a merfolk, wielding a +0 trident and quivering
                  | boomerangs (moderately wounded, about 25% to evade the +8
                  | demon trident "Rift")
 35935 | Shoals:4 | Aim: a merfolk, wielding a +0 trident and quivering
                  | boomerangs (moderately wounded, about 25% to evade the +8
                  | demon trident "Rift")
 35936 | Shoals:4 | Aim: a merfolk, wielding a +0 trident and quivering
                  | boomerangs (severely wounded, about 25% to evade the +8
                  | demon trident "Rift")
 35936 | Shoals:4 | Aim: a merfolk, wielding a +0 trident and quivering
                  | boomerangs (severely wounded, about 25% to evade the +8
                  | demon trident "Rift")
 36141 | Shoals:4 | Reached skill level 15 in Stealth
 36513 | Shoals:4 | Got a barnacled rune of Zot
 36977 | Vaults:1 | Entered Level 1 of the Vaults
 37240 | Vaults:1 | Identified the +1 pair of boots "Imyano" {Int+3}
 37517 | Vaults:1 | Aim: a yaktaur captain, wielding a +0 hand cannon (magical
                  | condensation, about 12% to evade the +8 demon trident
                  | "Rift")
 37517 | Vaults:1 | Aim: a yaktaur captain, wielding a +0 hand cannon (magical
                  | condensation, about 12% to evade the +8 demon trident
                  | "Rift")
 37518 | Vaults:1 | Aim: a yaktaur captain, wielding a +0 hand cannon (magical
                  | condensation, severely wounded, about 12% to evade the +8
                  | demon trident "Rift")
 37518 | Vaults:1 | Aim: a yaktaur captain, wielding a +0 hand cannon (magical
                  | condensation, severely wounded, about 12% to evade the +8
                  | demon trident "Rift")
 37693 | Vaults:1 | Reached skill level 16 in Stealth
 37796 | Vaults:1 | Acquired a manual of Evocations
 38144 | Vaults:1 | Reached skill level 16 in Evocations
 38154 | Vaults:1 | Aim: a centaur warrior, wielding a +0 shortbow
                  | (translocational energy, severely wounded, about 18% to
                  | evade the +8 demon trident "Rift")
 38154 | Vaults:1 | Aim: a centaur warrior, wielding a +0 shortbow
                  | (translocational energy, severely wounded, about 18% to
                  | evade the +8 demon trident "Rift")
 38156 | Vaults:1 | Aim: a centaur warrior, wielding a +0 orcbow
                  | (translocational energy, lightly wounded, about 18% to
                  | evade the +8 demon trident "Rift")
 38156 | Vaults:1 | Aim: a centaur warrior, wielding a +0 orcbow
                  | (translocational energy, lightly wounded, about 18% to
                  | evade the +8 demon trident "Rift")
 38157 | Vaults:1 | Aim: a centaur warrior, wielding a +0 orcbow
                  | (translocational energy, severely wounded, about 18% to
                  | evade the +8 demon trident "Rift")
 38157 | Vaults:1 | Aim: a centaur warrior, wielding a +0 orcbow
                  | (translocational energy, severely wounded, about 18% to
                  | evade the +8 demon trident "Rift")
 38158 | Vaults:1 | Aim: a centaur warrior, wielding a +0 orcbow (severely
                  | wounded, unaware, hasn't noticed you, about 18% to evade
                  | the +8 demon trident "Rift")
 38158 | Vaults:1 | Aim: a centaur warrior, wielding a +0 orcbow (severely
                  | wounded, unaware, hasn't noticed you, about 18% to evade
                  | the +8 demon trident "Rift")
 38159 | Vaults:1 | Aim: a centaur warrior, wielding a +0 orcbow (almost dead,
                  | about 18% to evade the +8 demon trident "Rift")
 38159 | Vaults:1 | Aim: a centaur warrior, wielding a +0 orcbow (almost dead,
                  | about 18% to evade the +8 demon trident "Rift")
 38161 | Vaults:1 | Aim: a centaur warrior, wielding a +0 shortbow (heavily
                  | wounded, unaware, hasn't noticed you, about 18% to evade
                  | the +8 demon trident "Rift")
 38161 | Vaults:1 | Aim: a centaur warrior, wielding a +0 shortbow (heavily
                  | wounded, unaware, hasn't noticed you, about 18% to evade
                  | the +8 demon trident "Rift")
 38162 | Vaults:1 | Aim: a centaur warrior, wielding a +0 shortbow (severely
                  | wounded, about 18% to evade the +8 demon trident "Rift")
 38162 | Vaults:1 | Aim: a centaur warrior, wielding a +0 shortbow (severely
                  | wounded, about 18% to evade the +8 demon trident "Rift")
 38163 | Vaults:1 | Reached skill level 16 in Dodging
 38163 | Vaults:1 | Aim: an arcanist, wielding a +0 dagger and wearing a +0
                  | robe (translocational energy, about 27% to evade the +8
                  | demon trident "Rift")
 38163 | Vaults:1 | Aim: an arcanist, wielding a +0 dagger and wearing a +0
                  | robe (translocational energy, about 27% to evade the +8
                  | demon trident "Rift")
 38164 | Vaults:1 | Aim: an arcanist, wielding a +0 dagger and wearing a +0
                  | robe (heavily wounded, about 27% to evade the +8 demon
                  | trident "Rift")
 38164 | Vaults:1 | Aim: an arcanist, wielding a +0 dagger and wearing a +0
                  | robe (heavily wounded, about 27% to evade the +8 demon
                  | trident "Rift")
 38165 | Vaults:1 | Reached XP level 20. HP: 127/176 MP: 20/20
 38166 | Vaults:1 | Aim: an ironbound convoker, wielding a +0 mace and wearing
                  | a +0 scale mail (translocational energy, about 20% to evade
                  | the +8 demon trident "Rift")
 38166 | Vaults:1 | Aim: an ironbound convoker, wielding a +0 mace and wearing
                  | a +0 scale mail (translocational energy, about 20% to evade
                  | the +8 demon trident "Rift")
 38167 | Vaults:1 | Aim: an ironbound convoker, wielding a +0 mace and wearing
                  | a +0 scale mail (moderately wounded, about 20% to evade the
                  | +8 demon trident "Rift")
 38167 | Vaults:1 | Aim: an ironbound convoker, wielding a +0 mace and wearing
                  | a +0 scale mail (moderately wounded, about 20% to evade the
                  | +8 demon trident "Rift")
 38168 | Vaults:1 | Aim: an ironbound convoker, wielding a +0 mace and wearing
                  | a +0 scale mail (moderately wounded, about 20% to evade the
                  | +8 demon trident "Rift")
 38168 | Vaults:1 | Aim: an ironbound convoker, wielding a +0 mace and wearing
                  | a +0 scale mail (moderately wounded, about 20% to evade the
                  | +8 demon trident "Rift")
 38169 | Vaults:1 | Aim: an ironbound convoker, wielding a +0 mace and wearing
                  | a +0 scale mail (almost dead, about 20% to evade the +8
                  | demon trident "Rift")
 38169 | Vaults:1 | Aim: an ironbound convoker, wielding a +0 mace and wearing
                  | a +0 scale mail (almost dead, about 20% to evade the +8
                  | demon trident "Rift")
 38426 | Vaults:1 | Bought the +3 pair of gauntlets of War {Slay+5} for 1757
                  | gold pieces
 38426 | Vaults:1 | Found the +3 pair of gauntlets of War {Slay+5}
 38494 | Vaults:2 | Reached skill level 17 in Evocations
 38610 | Vaults:2 | Paralysed by a sphinx for 2 turns
 38672 | Vaults:2 | Reached skill level 18 in Evocations
 38931 | Vaults:2 | Reached skill level 19 in Evocations
 38941 | Vaults:2 | Aim: an ironbound convoker, wielding a +0 great mace and
                  | wearing a +0 ring mail (strong, about 18% to evade the +8
                  | demon trident "Rift")
 38941 | Vaults:2 | Aim: an ironbound convoker, wielding a +0 great mace and
                  | wearing a +0 ring mail (strong, about 18% to evade the +8
                  | demon trident "Rift")
 39195 | Vaults:2 | Reached skill level 20 in Evocations
 39386 | Vaults:2 | Reached skill level 21 in Evocations
 39630 | Vaults:2 | Reached skill level 22 in Evocations
 39736 | Vaults:2 | magus.rc [v1.9.6]
 40228 | Vaults:3 | You fall into a shaft and drop 1 floor!
 40834 | Vaults:3 | You add the spells Olgreb's Toxic Radiance and Discord to
                  | your library.
 40845 | Vaults:3 | Found a staircase to the Crypt.
 41307 | Vaults:3 | Identified the +3 leather armour of the Moon Troll {Fly rF-
                  | Will+++ Regen+}
 41391 | Vaults:4 | Reached skill level 21 in Fighting
 41448 | Vaults:4 | Reached XP level 21. HP: 175/186 MP: 21/21
 41644 | Vaults:4 | Aim: a yaktaur, wielding a +0 arbalest (heavily wounded,
                  | about 10% to evade the +8 demon trident "Rift")
 41644 | Vaults:4 | Aim: a yaktaur, wielding a +0 arbalest (heavily wounded,
                  | about 10% to evade the +8 demon trident "Rift")
 41647 | Vaults:4 | Aim: a yaktaur captain, wielding a +0 arbalest (about 11%
                  | to evade the +8 demon trident "Rift")
 41647 | Vaults:4 | Aim: a yaktaur captain, wielding a +0 arbalest (about 11%
                  | to evade the +8 demon trident "Rift")
 41861 | Vaults:4 | Found Osteqas's Book Boutique.
 41868 | Vaults:4 | Bought a manual of Stealth for 1120 gold pieces
 42002 | Vaults:4 | Lost mutation: You have a beak for a mouth. [potion of
                  | mutation]
 42002 | Vaults:4 | Lost mutation: You are covered in fur. (AC +1) [potion of
                  | mutation]
 42002 | Vaults:4 | Lost mutation: You occasionally shout uncontrollably at
                  | your foes. [potion of mutation]
 42002 | Vaults:4 | Gained mutation: You are agile. (Dex +4, Str/Int -1)
                  | [potion of mutation]
 42002 | Vaults:4 | Gained mutation: You expend magic power (3 MP) to
                  | strengthen your wands. [potion of mutation]
 42002 | Vaults:4 | Gained mutation: You passively map a small area around you.
                  | [potion of mutation]
 42066 | Vaults:4 | Found Gozag's Antique Weapon Shoppe.
 42078 | Vaults:4 | Found Gozag's Assorted Antiques.
 42084 | Vaults:4 | Found an opulent altar of Gozag.
 42088 | Vaults:4 | Found Gozag's Assorted Antiques.
 42827 | Elf:1    | Entered Level 1 of the Elven Halls
 42853 | Elf:1    | Aim: a deep elf pyromancer, wielding a +0 dagger and
                  | wearing a +0 leather armour (about 24% to evade the +8
                  | demon trident "Rift")
 42853 | Elf:1    | Aim: a deep elf pyromancer, wielding a +0 dagger and
                  | wearing a +0 leather armour (about 24% to evade the +8
                  | demon trident "Rift")
 42854 | Elf:1    | Aim: a deep elf pyromancer, wielding a +0 dagger and
                  | wearing a +0 leather armour (unaware, hasn't noticed you,
                  | about 24% to evade the +8 demon trident "Rift")
 42854 | Elf:1    | Aim: a deep elf pyromancer, wielding a +0 dagger and
                  | wearing a +0 leather armour (unaware, hasn't noticed you,
                  | about 24% to evade the +8 demon trident "Rift")
 42855 | Elf:1    | Aim: a deep elf pyromancer, wielding a +0 dagger and
                  | wearing a +0 leather armour (about 24% to evade the +8
                  | demon trident "Rift")
 42855 | Elf:1    | Aim: a deep elf pyromancer, wielding a +0 dagger and
                  | wearing a +0 leather armour (about 24% to evade the +8
                  | demon trident "Rift")
 42856 | Elf:1    | Aim: a deep elf pyromancer, wielding a +0 dagger and
                  | wearing a +0 leather armour (moderately wounded, about 24%
                  | to evade the +8 demon trident "Rift")
 42856 | Elf:1    | Aim: a deep elf pyromancer, wielding a +0 dagger and
                  | wearing a +0 leather armour (moderately wounded, about 24%
                  | to evade the +8 demon trident "Rift")
 42857 | Elf:1    | Aim: a deep elf pyromancer, wielding a +0 dagger and
                  | wearing a +0 leather armour (severely wounded, unaware,
                  | hasn't noticed you, about 24% to evade the +8 demon trident
                  | "Rift")
 42857 | Elf:1    | Aim: a deep elf pyromancer, wielding a +0 dagger and
                  | wearing a +0 leather armour (severely wounded, unaware,
                  | hasn't noticed you, about 24% to evade the +8 demon trident
                  | "Rift")
 42924 | Elf:1    | Noticed Zenata
 42950 | Elf:1    | Killed Zenata
 42951 | Elf:1    | Reached skill level 22 in Fighting
 43127 | Elf:1    | Reached skill level 17 in Stealth
 43128 | Elf:1    | Found Bolutej's Assorted Antiques.
 43200 | Elf:1    | Aim: a deep elf archer, wielding a +0 shortbow and wearing
                  | a +0 leather armour (repelling missiles, about 27% to evade
                  | the +8 demon trident "Rift")
 43200 | Elf:1    | Aim: a deep elf archer, wielding a +0 shortbow and wearing
                  | a +0 leather armour (repelling missiles, about 27% to evade
                  | the +8 demon trident "Rift")
 43201 | Elf:1    | Aim: a deep elf archer, wielding a +0 shortbow and wearing
                  | a +0 leather armour (moderately wounded, repelling
                  | missiles, about 27% to evade the +8 demon trident "Rift")
 43201 | Elf:1    | Aim: a deep elf archer, wielding a +0 shortbow and wearing
                  | a +0 leather armour (moderately wounded, repelling
                  | missiles, about 27% to evade the +8 demon trident "Rift")
 43202 | Elf:1    | Aim: a deep elf archer, wielding a +0 shortbow and wearing
                  | a +0 leather armour (severely wounded, repelling missiles,
                  | about 27% to evade the +8 demon trident "Rift")
 43202 | Elf:1    | Aim: a deep elf archer, wielding a +0 shortbow and wearing
                  | a +0 leather armour (severely wounded, repelling missiles,
                  | about 27% to evade the +8 demon trident "Rift")
 43210 | Elf:1    | Aim: a deep elf archer, wielding a +0 shortbow and wearing
                  | a +0 leather armour (repelling missiles, about 27% to evade
                  | the +8 demon trident "Rift")
 43210 | Elf:1    | Aim: a deep elf archer, wielding a +0 shortbow and wearing
                  | a +0 leather armour (repelling missiles, about 27% to evade
                  | the +8 demon trident "Rift")
 43211 | Elf:1    | Aim: a deep elf archer, wielding a +0 shortbow and wearing
                  | a +0 leather armour (repelling missiles, about 27% to evade
                  | the +8 demon trident "Rift")
 43211 | Elf:1    | Aim: a deep elf archer, wielding a +0 shortbow and wearing
                  | a +0 leather armour (repelling missiles, about 27% to evade
                  | the +8 demon trident "Rift")
 43212 | Elf:1    | Aim: a deep elf archer, wielding a +0 shortbow and wearing
                  | a +0 leather armour (severely wounded, repelling missiles,
                  | about 27% to evade the +8 demon trident "Rift")
 43212 | Elf:1    | Aim: a deep elf archer, wielding a +0 shortbow and wearing
                  | a +0 leather armour (severely wounded, repelling missiles,
                  | about 27% to evade the +8 demon trident "Rift")
 43216 | Elf:1    | Aim: a deep elf pyromancer, wielding a +0 rapier and
                  | wearing a +0 ring mail (about 22% to evade the +8 demon
                  | trident "Rift")
 43216 | Elf:1    | Aim: a deep elf pyromancer, wielding a +0 rapier and
                  | wearing a +0 ring mail (about 22% to evade the +8 demon
                  | trident "Rift")
 43217 | Elf:1    | Aim: a deep elf archer, wielding a +0 shortbow and wearing
                  | a +0 leather armour (almost dead, repelling missiles, about
                  | 27% to evade the +8 demon trident "Rift")
 43217 | Elf:1    | Aim: a deep elf archer, wielding a +0 shortbow and wearing
                  | a +0 leather armour (almost dead, repelling missiles, about
                  | 27% to evade the +8 demon trident "Rift")
 43219 | Elf:1    | Aim: a deep elf pyromancer, wielding a +0 long sword (about
                  | 24% to evade the +8 demon trident "Rift")
 43219 | Elf:1    | Aim: a deep elf pyromancer, wielding a +0 long sword (about
                  | 24% to evade the +8 demon trident "Rift")
 43225 | Elf:1    | Aim: a deep elf zephyrmancer, wielding a +0 long sword and
                  | wearing a +0 chain mail (about 20% to evade the +8 demon
                  | trident "Rift")
 43225 | Elf:1    | Aim: a deep elf zephyrmancer, wielding a +0 long sword and
                  | wearing a +0 chain mail (about 20% to evade the +8 demon
                  | trident "Rift")
 43226 | Elf:1    | Aim: a deep elf zephyrmancer, wielding a +0 long sword and
                  | wearing a +0 chain mail (almost dead, about 20% to evade
                  | the +8 demon trident "Rift")
 43226 | Elf:1    | Aim: a deep elf zephyrmancer, wielding a +0 long sword and
                  | wearing a +0 chain mail (almost dead, about 20% to evade
                  | the +8 demon trident "Rift")
 43272 | Elf:1    | You add the spells Martyr's Knell, Summon Mana Viper and
                  | Malign Gateway to your library.
 43272 | Elf:1    | Got Nasaupap's Incunabulum of Leadership
 43512 | Elf:1    | Reached skill level 18 in Stealth
 44050 | Elf:2    | Found a shimmering blue altar of Sif Muna.
 44132 | Elf:2    | Found Imalot's Antique Armour Shoppe.
 44135 | Elf:2    | Identified the +0 pair of gloves of Responsibility {Rampage
                  | rN+}
 44176 | Elf:2    | Bought a smoking cloak for 275 gold pieces
 44176 | Elf:2    | Identified the +1 cloak of the Hot Ocelot {rC- rCorr Str+3
                  | Int+4} (You bought it in a shop on level 2 of the Elven
                  | Halls)
 44220 | Elf:2    | Reached skill level 19 in Stealth
 44233 | Elf:2    | Found a runed translucent gate.
 44234 | Elf:2    | Found a runed translucent gate.
 44234 | Elf:2    | Found a runed translucent gate.
 44630 | Elf:3    | Entered Level 3 of the Elven Halls
 44920 | Elf:3    | Aim: a deep elf master archer, wielding a +0 longbow and
                  | wearing a +0 leather armour (severely wounded, about 27% to
                  | evade the +8 demon trident "Rift")
 44920 | Elf:3    | Aim: a deep elf master archer, wielding a +0 longbow and
                  | wearing a +0 leather armour (severely wounded, about 27% to
                  | evade the +8 demon trident "Rift")
 44921 | Elf:3    | Reached XP level 22. HP: 148/198 MP: 22/22
 44921 | Elf:3    | Aim: a deep elf high priest, wielding a +0 shortbow and
                  | wearing a +0 leather armour (about 24% to evade the +8
                  | demon trident "Rift")
 44921 | Elf:3    | Aim: a deep elf high priest, wielding a +0 shortbow and
                  | wearing a +0 leather armour (about 24% to evade the +8
                  | demon trident "Rift")
 44922 | Elf:3    | Aim: a deep elf high priest, wielding a +0 shortbow and
                  | wearing a +0 leather armour (moderately wounded, about 24%
                  | to evade the +8 demon trident "Rift")
 44922 | Elf:3    | Aim: a deep elf high priest, wielding a +0 shortbow and
                  | wearing a +0 leather armour (moderately wounded, about 24%
                  | to evade the +8 demon trident "Rift")
 44925 | Elf:3    | Aim: a deep elf elementalist, wielding a +1 dagger of
                  | draining and wearing a +0 chain mail (wandering, repelling
                  | missiles, hasn't noticed you, about 20% to evade the +8
                  | demon trident "Rift")
 44925 | Elf:3    | Aim: a deep elf elementalist, wielding a +1 dagger of
                  | draining and wearing a +0 chain mail (wandering, repelling
                  | missiles, hasn't noticed you, about 20% to evade the +8
                  | demon trident "Rift")
 45061 | Elf:3    | Aim: a deep elf elementalist, wielding a +1 bardiche of
                  | distortion and wearing a +0 leather armour (heavily
                  | wounded, repelling missiles, about 24% to evade the +8
                  | demon trident "Rift")
 45061 | Elf:3    | Aim: a deep elf elementalist, wielding a +1 bardiche of
                  | distortion and wearing a +0 leather armour (heavily
                  | wounded, repelling missiles, about 24% to evade the +8
                  | demon trident "Rift")
 45062 | Elf:3    | Aim: a deep elf elementalist, wielding a +1 bardiche of
                  | distortion and wearing a +0 leather armour (almost dead,
                  | repelling missiles, about 24% to evade the +8 demon trident
                  | "Rift")
 45062 | Elf:3    | Aim: a deep elf elementalist, wielding a +1 bardiche of
                  | distortion and wearing a +0 leather armour (almost dead,
                  | repelling missiles, about 24% to evade the +8 demon trident
                  | "Rift")
 45137 | Elf:3    | Identified the +9 hand axe "Mamuty" {flame, rElec rN++
                  | Will- MP+9}
 45151 | Elf:3    | Identified the +4 plate armour of Pride {+Inv rElec}
 45233 | Elf:3    | Aim: a deep elf master archer, wielding a +0 longbow and
                  | wearing a +0 leather armour (translocational energy,
                  | heavily wounded, about 27% to evade the +8 demon trident
                  | "Rift")
 45233 | Elf:3    | Aim: a deep elf master archer, wielding a +0 longbow and
                  | wearing a +0 leather armour (translocational energy,
                  | heavily wounded, about 27% to evade the +8 demon trident
                  | "Rift")
 45234 | Elf:3    | Aim: a deep elf master archer, wielding a +0 longbow and
                  | wearing a +0 leather armour (translocational energy,
                  | severely wounded, about 27% to evade the +8 demon trident
                  | "Rift")
 45234 | Elf:3    | Aim: a deep elf master archer, wielding a +0 longbow and
                  | wearing a +0 leather armour (translocational energy,
                  | severely wounded, about 27% to evade the +8 demon trident
                  | "Rift")
 45235 | Elf:3    | Aim: a deep elf master archer, wielding a +0 longbow and
                  | wearing a +0 leather armour (translocational energy,
                  | severely wounded, about 27% to evade the +8 demon trident
                  | "Rift")
 45235 | Elf:3    | Aim: a deep elf master archer, wielding a +0 longbow and
                  | wearing a +0 leather armour (translocational energy,
                  | severely wounded, about 27% to evade the +8 demon trident
                  | "Rift")
 45237 | Elf:3    | Aim: a deep elf master archer, wielding a +0 longbow and
                  | wearing a +0 leather armour (translocational energy,
                  | severely wounded, about 27% to evade the +8 demon trident
                  | "Rift")
 45237 | Elf:3    | Aim: a deep elf master archer, wielding a +0 longbow and
                  | wearing a +0 leather armour (translocational energy,
                  | severely wounded, about 27% to evade the +8 demon trident
                  | "Rift")
 45238 | Elf:3    | Aim: a deep elf master archer, wielding a +0 longbow and
                  | wearing a +0 leather armour (translocational energy, almost
                  | dead, about 27% to evade the +8 demon trident "Rift")
 45238 | Elf:3    | Aim: a deep elf master archer, wielding a +0 longbow and
                  | wearing a +0 leather armour (translocational energy, almost
                  | dead, about 27% to evade the +8 demon trident "Rift")
 45239 | Elf:3    | Aim: a deep elf master archer, wielding a +0 longbow and
                  | wearing a +0 leather armour (translocational energy, almost
                  | dead, about 27% to evade the +8 demon trident "Rift")
 45239 | Elf:3    | Aim: a deep elf master archer, wielding a +0 longbow and
                  | wearing a +0 leather armour (translocational energy, almost
                  | dead, about 27% to evade the +8 demon trident "Rift")
 45240 | Elf:3    | Reached skill level 23 in Fighting
 45240 | Elf:3    | Aim: a deep elf blademaster, wielding two +0 short swords
                  | and wearing a +0 leather armour (about 43% to evade the +8
                  | demon trident "Rift")
 45240 | Elf:3    | Aim: a deep elf blademaster, wielding two +0 short swords
                  | and wearing a +0 leather armour (about 43% to evade the +8
                  | demon trident "Rift")
 45241 | Elf:3    | Aim: a deep elf death mage, wielding a +6 trident of venom,
                  | wearing a +0 scale mail and wearing a +6 ring of
                  | intelligence (about 22% to evade the +8 demon trident
                  | "Rift")
 45241 | Elf:3    | Aim: a deep elf death mage, wielding a +6 trident of venom,
                  | wearing a +0 scale mail and wearing a +6 ring of
                  | intelligence (about 22% to evade the +8 demon trident
                  | "Rift")
 45505 | Elf:3    | Aim: a ghostly deep elf blademaster, wielding two +0 short
                  | swords and wearing a +0 leather armour (severely damaged,
                  | about 43% to evade the +8 demon trident "Rift")
 45505 | Elf:3    | Aim: a ghostly deep elf blademaster, wielding two +0 short
                  | swords and wearing a +0 leather armour (severely damaged,
                  | about 43% to evade the +8 demon trident "Rift")
 45506 | Elf:3    | Aim: a ghostly deep elf blademaster, wielding two +0 short
                  | swords and wearing a +0 leather armour (almost destroyed,
                  | about 43% to evade the +8 demon trident "Rift")
 45506 | Elf:3    | Aim: a ghostly deep elf blademaster, wielding two +0 short
                  | swords and wearing a +0 leather armour (almost destroyed,
                  | about 43% to evade the +8 demon trident "Rift")
 45507 | Elf:3    | Aim: a deep elf death mage, wielding a +6 trident of venom,
                  | wearing a +0 scale mail and wearing a +6 ring of
                  | intelligence (lightly wounded, about 22% to evade the +8
                  | demon trident "Rift")
 45507 | Elf:3    | Aim: a deep elf death mage, wielding a +6 trident of venom,
                  | wearing a +0 scale mail and wearing a +6 ring of
                  | intelligence (lightly wounded, about 22% to evade the +8
                  | demon trident "Rift")
 45508 | Elf:3    | Aim: a deep elf death mage, wielding a +6 trident of venom,
                  | wearing a +0 scale mail and wearing a +6 ring of
                  | intelligence (moderately wounded, about 22% to evade the +8
                  | demon trident "Rift")
 45508 | Elf:3    | Aim: a deep elf death mage, wielding a +6 trident of venom,
                  | wearing a +0 scale mail and wearing a +6 ring of
                  | intelligence (moderately wounded, about 22% to evade the +8
                  | demon trident "Rift")
 45509 | Elf:3    | Aim: a deep elf death mage, wielding a +6 trident of venom,
                  | wearing a +0 scale mail and wearing a +6 ring of
                  | intelligence (heavily wounded, about 22% to evade the +8
                  | demon trident "Rift")
 45509 | Elf:3    | Aim: a deep elf death mage, wielding a +6 trident of venom,
                  | wearing a +0 scale mail and wearing a +6 ring of
                  | intelligence (heavily wounded, about 22% to evade the +8
                  | demon trident "Rift")
 45510 | Elf:3    | Aim: a deep elf death mage, wielding a +6 trident of venom,
                  | wearing a +0 scale mail and wearing a +6 ring of
                  | intelligence (severely wounded, about 22% to evade the +8
                  | demon trident "Rift")
 45510 | Elf:3    | Aim: a deep elf death mage, wielding a +6 trident of venom,
                  | wearing a +0 scale mail and wearing a +6 ring of
                  | intelligence (severely wounded, about 22% to evade the +8
                  | demon trident "Rift")
 45511 | Elf:3    | Aim: a deep elf death mage, wielding a +6 trident of venom,
                  | wearing a +0 scale mail and wearing a +6 ring of
                  | intelligence (almost dead, about 22% to evade the +8 demon
                  | trident "Rift")
 45511 | Elf:3    | Aim: a deep elf death mage, wielding a +6 trident of venom,
                  | wearing a +0 scale mail and wearing a +6 ring of
                  | intelligence (almost dead, about 22% to evade the +8 demon
                  | trident "Rift")
 45512 | Elf:3    | Aim: a ghostly deep elf death mage, wielding a +6 trident
                  | of venom, wearing a +0 scale mail and wearing a +6 ring of
                  | intelligence (lightly damaged, about 22% to evade the +8
                  | demon trident "Rift")
 45512 | Elf:3    | Aim: a ghostly deep elf death mage, wielding a +6 trident
                  | of venom, wearing a +0 scale mail and wearing a +6 ring of
                  | intelligence (lightly damaged, about 22% to evade the +8
                  | demon trident "Rift")
 45513 | Elf:3    | Aim: a ghostly deep elf death mage, wielding a +6 trident
                  | of venom, wearing a +0 scale mail and wearing a +6 ring of
                  | intelligence (severely damaged, about 22% to evade the +8
                  | demon trident "Rift")
 45513 | Elf:3    | Aim: a ghostly deep elf death mage, wielding a +6 trident
                  | of venom, wearing a +0 scale mail and wearing a +6 ring of
                  | intelligence (severely damaged, about 22% to evade the +8
                  | demon trident "Rift")
 45546 | Elf:3    | Aim: a deep elf death mage, wielding a +2 vampiric dagger
                  | and wearing a +0 ring mail (wandering, hasn't noticed you,
                  | about 22% to evade the +8 demon trident "Rift")
 45546 | Elf:3    | Aim: a deep elf death mage, wielding a +2 vampiric dagger
                  | and wearing a +0 ring mail (wandering, hasn't noticed you,
                  | about 22% to evade the +8 demon trident "Rift")
 45629 | Elf:3    | You pick up a book of Debilitation and begin reading...
 45629 | Elf:3    | You add the spells Slow, Vampiric Draining and Confusing
                  | Touch to your library.
 45674 | Elf:3    | Identified the staff of the Warrior {rPois Will+ Alchemy}
 45687 | Elf:3    | Identified the staff "Vaopiz" {rF++ Stlth- Conj Summ Earth}
 46110 | Depths:1 | Entered Level 1 of the Depths
 46141 | Depths:1 | Found Jaysel's Distillery.
 46146 | Depths:1 | Found Xaem's Armour Shop.
 46158 | Depths:1 | Identified the +4 spear "Bofan" {venom, ^Contam rN+ Dex+3}
 46333 | Depths:1 | Found a one-way gateway to a ziggurat.
 46343 | Depths:1 | Aim: an occultist, wielding a +0 dagger and wearing a +0
                  | robe (about 24% to evade the +8 demon trident "Rift")
 46343 | Depths:1 | Aim: an occultist, wielding a +0 dagger and wearing a +0
                  | robe (about 24% to evade the +8 demon trident "Rift")
 46653 | Depths:1 | Found a gateway to Hell.
 46665 | Depths:1 | Reached skill level 24 in Fighting
 47099 | Vaults:5 | Entered Level 5 of the Vaults
 47107 | Vaults:5 | Noticed Sojobo
 47137 | Vaults:5 | Aim: an ironbound preserver, wielding a +0 morningstar and
                  | wearing a +0 ring mail (about 11% to evade the +8 demon
                  | trident "Rift")
 47137 | Vaults:5 | Aim: an ironbound preserver, wielding a +0 morningstar and
                  | wearing a +0 ring mail (about 11% to evade the +8 demon
                  | trident "Rift")
 47138 | Vaults:5 | Aim: an ironbound preserver, wielding a +0 morningstar and
                  | wearing a +0 ring mail (moderately wounded, about 11% to
                  | evade the +8 demon trident "Rift")
 47138 | Vaults:5 | Aim: an ironbound preserver, wielding a +0 morningstar and
                  | wearing a +0 ring mail (moderately wounded, about 11% to
                  | evade the +8 demon trident "Rift")
 47139 | Vaults:5 | Aim: an ironbound preserver, wielding a +0 morningstar and
                  | wearing a +0 ring mail (heavily wounded, about 11% to evade
                  | the +8 demon trident "Rift")
 47139 | Vaults:5 | Aim: an ironbound preserver, wielding a +0 morningstar and
                  | wearing a +0 ring mail (heavily wounded, about 11% to evade
                  | the +8 demon trident "Rift")
 47140 | Vaults:5 | Aim: an ironbound preserver, wielding a +0 morningstar and
                  | wearing a +0 ring mail (almost dead, about 11% to evade the
                  | +8 demon trident "Rift")
 47140 | Vaults:5 | Aim: an ironbound preserver, wielding a +0 morningstar and
                  | wearing a +0 ring mail (almost dead, about 11% to evade the
                  | +8 demon trident "Rift")
 47201 | Vaults:5 | Noticed a golden dragon
 47210 | Vaults:5 | Killed a golden dragon
 47243 | Vaults:5 | Noticed a golden dragon
 47262 | Vaults:5 | Killed a golden dragon
 47274 | Vaults:5 | Noticed a golden dragon
 47294 | Vaults:5 | Banished a golden dragon
 47325 | Vaults:5 | Aim: a fire giant, wielding a +1 great sword of flaming
                  | (severely wounded, unaware, hasn't noticed you, about 9% to
                  | evade the +8 demon trident "Rift")
 47325 | Vaults:5 | Aim: a fire giant, wielding a +1 great sword of flaming
                  | (severely wounded, unaware, hasn't noticed you, about 9% to
                  | evade the +8 demon trident "Rift")
 47326 | Vaults:5 | Reached skill level 17 in Dodging
 47333 | Vaults:5 | Aim: a vault guard, wielding a +0 bardiche and wearing a +0
                  | plate armour (about 19% to evade the +8 demon trident
                  | "Rift")
 47333 | Vaults:5 | Aim: a vault guard, wielding a +0 bardiche and wearing a +0
                  | plate armour (about 19% to evade the +8 demon trident
                  | "Rift")
 47334 | Vaults:5 | Aim: a vault guard, wielding a +0 bardiche and wearing a +0
                  | plate armour (lightly wounded, about 19% to evade the +8
                  | demon trident "Rift")
 47334 | Vaults:5 | Aim: a vault guard, wielding a +0 bardiche and wearing a +0
                  | plate armour (lightly wounded, about 19% to evade the +8
                  | demon trident "Rift")
 47335 | Vaults:5 | Aim: a vault guard, wielding a +2 great sword and wearing a
                  | +0 chain mail (about 20% to evade the +8 demon trident
                  | "Rift")
 47335 | Vaults:5 | Aim: a vault guard, wielding a +2 great sword and wearing a
                  | +0 chain mail (about 20% to evade the +8 demon trident
                  | "Rift")
 47336 | Vaults:5 | Aim: a vault guard, wielding a +2 great sword and wearing a
                  | +0 chain mail (heavily wounded, about 20% to evade the +8
                  | demon trident "Rift")
 47336 | Vaults:5 | Aim: a vault guard, wielding a +2 great sword and wearing a
                  | +0 chain mail (heavily wounded, about 20% to evade the +8
                  | demon trident "Rift")
 47339 | Vaults:5 | Got a silver rune of Zot
 47340 | Vaults:5 | Aim: a vault sentinel, wielding a +0 arbalest and wearing a
                  | +0 ring mail (about 22% to evade the +8 demon trident
                  | "Rift")
 47340 | Vaults:5 | Aim: a vault sentinel, wielding a +0 arbalest and wearing a
                  | +0 ring mail (about 22% to evade the +8 demon trident
                  | "Rift")
 47341 | Vaults:5 | Aim: a vault sentinel, wielding a +0 arbalest and wearing a
                  | +0 ring mail (moderately wounded, catching its breath,
                  | about 22% to evade the +8 demon trident "Rift")
 47341 | Vaults:5 | Aim: a vault sentinel, wielding a +0 arbalest and wearing a
                  | +0 ring mail (moderately wounded, catching its breath,
                  | about 22% to evade the +8 demon trident "Rift")
 47342 | Vaults:5 | Aim: a vault sentinel, wielding a +0 arbalest and wearing a
                  | +0 ring mail (severely wounded, catching its breath, about
                  | 22% to evade the +8 demon trident "Rift")
 47342 | Vaults:5 | Aim: a vault sentinel, wielding a +0 arbalest and wearing a
                  | +0 ring mail (severely wounded, catching its breath, about
                  | 22% to evade the +8 demon trident "Rift")
 47343 | Vaults:5 | Aim: a vault guard, wielding a +0 bardiche and wearing a +0
                  | plate armour (heavily wounded, about 19% to evade the +8
                  | demon trident "Rift")
 47343 | Vaults:5 | Aim: a vault guard, wielding a +0 bardiche and wearing a +0
                  | plate armour (heavily wounded, about 19% to evade the +8
                  | demon trident "Rift")
 47344 | Vaults:5 | Aim: a vault guard, wielding a +0 bardiche and wearing a +0
                  | plate armour (severely wounded, about 19% to evade the +8
                  | demon trident "Rift")
 47344 | Vaults:5 | Aim: a vault guard, wielding a +0 bardiche and wearing a +0
                  | plate armour (severely wounded, about 19% to evade the +8
                  | demon trident "Rift")
 47345 | Vaults:5 | Aim: a vault guard, wielding a +2 great sword and wearing a
                  | +0 chain mail (almost dead, about 20% to evade the +8 demon
                  | trident "Rift")
 47345 | Vaults:5 | Aim: a vault guard, wielding a +2 great sword and wearing a
                  | +0 chain mail (almost dead, about 20% to evade the +8 demon
                  | trident "Rift")
 47347 | Vaults:5 | Aim: a vault guard, wielding a +0 bardiche and wearing a +0
                  | plate armour (severely wounded, about 19% to evade the +8
                  | demon trident "Rift")
 47347 | Vaults:5 | Aim: a vault guard, wielding a +0 bardiche and wearing a +0
                  | plate armour (severely wounded, about 19% to evade the +8
                  | demon trident "Rift")
 47348 | Vaults:5 | Aim: a vault guard, wielding a +0 bardiche and wearing a +0
                  | plate armour (almost dead, about 19% to evade the +8 demon
                  | trident "Rift")
 47348 | Vaults:5 | Aim: a vault guard, wielding a +0 bardiche and wearing a +0
                  | plate armour (almost dead, about 19% to evade the +8 demon
                  | trident "Rift")
 47357 | Vaults:5 | Aim: a vault sentinel, wielding a +0 war axe and wearing a
                  | +0 scale mail (wandering, hasn't noticed you, about 22% to
                  | evade the +8 demon trident "Rift")
 47357 | Vaults:5 | Aim: a vault sentinel, wielding a +0 war axe and wearing a
                  | +0 scale mail (wandering, hasn't noticed you, about 22% to
                  | evade the +8 demon trident "Rift")
 47406 | Vaults:5 | Aim: a vault warden, wielding a +6 battleaxe of pain and
                  | wearing a +4 plate armour (lightly wounded, about 19% to
                  | evade the +8 demon trident "Rift")
 47406 | Vaults:5 | Aim: a vault warden, wielding a +6 battleaxe of pain and
                  | wearing a +4 plate armour (lightly wounded, about 19% to
                  | evade the +8 demon trident "Rift")
 47407 | Vaults:5 | Aim: a vault warden, wielding a +6 battleaxe of pain and
                  | wearing a +4 plate armour (lightly wounded, about 19% to
                  | evade the +8 demon trident "Rift")
 47407 | Vaults:5 | Aim: a vault warden, wielding a +6 battleaxe of pain and
                  | wearing a +4 plate armour (lightly wounded, about 19% to
                  | evade the +8 demon trident "Rift")
 47408 | Vaults:5 | Aim: a vault warden, wielding a +6 battleaxe of pain and
                  | wearing a +4 plate armour (moderately wounded, about 19% to
                  | evade the +8 demon trident "Rift")
 47408 | Vaults:5 | Aim: a vault warden, wielding a +6 battleaxe of pain and
                  | wearing a +4 plate armour (moderately wounded, about 19% to
                  | evade the +8 demon trident "Rift")
 47409 | Vaults:5 | Aim: a vault warden, wielding a +6 battleaxe of pain and
                  | wearing a +4 plate armour (almost dead, about 19% to evade
                  | the +8 demon trident "Rift")
 47409 | Vaults:5 | Aim: a vault warden, wielding a +6 battleaxe of pain and
                  | wearing a +4 plate armour (almost dead, about 19% to evade
                  | the +8 demon trident "Rift")
 47425 | Vaults:5 | Aim: a frost giant, wielding a +2 battleaxe of freezing
                  | (about 8% to evade the +8 demon trident "Rift")
 47425 | Vaults:5 | Aim: a frost giant, wielding a +2 battleaxe of freezing
                  | (about 8% to evade the +8 demon trident "Rift")
 47425 | Vaults:5 | Identified the +7 quarterstaff "Pijym" {protect, Dex+4
                  | Stlth+}
 47426 | Vaults:5 | Aim: a deep elf high priest, wielding the +7 quarterstaff
                  | "Pijym" {protect, Dex+4 Stlth+} and wearing a +4 chain mail
                  | of fire resistance (translocational energy, about 20% to
                  | evade the +8 demon trident "Rift")
 47426 | Vaults:5 | Aim: a deep elf high priest, wielding the +7 quarterstaff
                  | "Pijym" {protect, Dex+4 Stlth+} and wearing a +4 chain mail
                  | of fire resistance (translocational energy, about 20% to
                  | evade the +8 demon trident "Rift")
 47428 | Vaults:5 | Aim: a frost giant, wielding a +2 battleaxe of freezing
                  | (moderately wounded, about 8% to evade the +8 demon trident
                  | "Rift")
 47428 | Vaults:5 | Aim: a frost giant, wielding a +2 battleaxe of freezing
                  | (moderately wounded, about 8% to evade the +8 demon trident
                  | "Rift")
 47436 | Vaults:5 | Aim: a deep elf high priest, wielding the +7 quarterstaff
                  | "Pijym" {protect, Dex+4 Stlth+} and wearing a +4 chain mail
                  | of fire resistance (moderately wounded, brilliance aura,
                  | about 20% to evade the +8 demon trident "Rift")
 47436 | Vaults:5 | Aim: a deep elf high priest, wielding the +7 quarterstaff
                  | "Pijym" {protect, Dex+4 Stlth+} and wearing a +4 chain mail
                  | of fire resistance (moderately wounded, brilliance aura,
                  | about 20% to evade the +8 demon trident "Rift")
 47444 | Vaults:5 | Aim: a vault guard, wielding a +0 great mace and wearing a
                  | +0 plate armour (about 19% to evade the +8 demon trident
                  | "Rift")
 47444 | Vaults:5 | Aim: a vault guard, wielding a +0 great mace and wearing a
                  | +0 plate armour (about 19% to evade the +8 demon trident
                  | "Rift")
 47445 | Vaults:5 | Aim: a vault guard, wielding a +0 great mace and wearing a
                  | +0 plate armour (heavily wounded, about 19% to evade the +8
                  | demon trident "Rift")
 47445 | Vaults:5 | Aim: a vault guard, wielding a +0 great mace and wearing a
                  | +0 plate armour (heavily wounded, about 19% to evade the +8
                  | demon trident "Rift")
 47477 | Vaults:5 | Aim: a vault guard, wielding a +0 bardiche and wearing a +0
                  | chain mail (wandering, hasn't noticed you, about 20% to
                  | evade the +8 demon trident "Rift")
 47477 | Vaults:5 | Aim: a vault guard, wielding a +0 bardiche and wearing a +0
                  | chain mail (wandering, hasn't noticed you, about 20% to
                  | evade the +8 demon trident "Rift")
 47478 | Vaults:5 | Aim: a vault guard, wielding a +0 bardiche and wearing a +0
                  | chain mail (heavily wounded, about 20% to evade the +8
                  | demon trident "Rift")
 47478 | Vaults:5 | Aim: a vault guard, wielding a +0 bardiche and wearing a +0
                  | chain mail (heavily wounded, about 20% to evade the +8
                  | demon trident "Rift")
 47502 | Vaults:5 | Aim: a vault sentinel, wielding a +0 long sword and wearing
                  | a +0 scale mail (about 22% to evade the +8 demon trident
                  | "Rift")
 47502 | Vaults:5 | Aim: a vault sentinel, wielding a +0 long sword and wearing
                  | a +0 scale mail (about 22% to evade the +8 demon trident
                  | "Rift")
 47503 | Vaults:5 | Aim: a vault sentinel, wielding a +0 long sword and wearing
                  | a +0 scale mail (severely wounded, about 22% to evade the
                  | +8 demon trident "Rift")
 47503 | Vaults:5 | Aim: a vault sentinel, wielding a +0 long sword and wearing
                  | a +0 scale mail (severely wounded, about 22% to evade the
                  | +8 demon trident "Rift")
 47597 | Vaults:5 | Noticed an ancient lich
 47783 | Depths:1 | Reached XP level 23. HP: 207/208 MP: 23/23
 47830 | Depths:2 | Found a transporter.
 47861 | Depths:2 | Aim: a fire giant, wielding a +0 great sword of flaming
                  | (asleep, about 2% to evade the +8 demon trident "Rift")
 47861 | Depths:2 | Aim: a fire giant, wielding a +0 great sword of flaming
                  | (asleep, about 2% to evade the +8 demon trident "Rift")
 47912 | Depths:2 | Aim: a spriggan berserker, wielding a +0 quarterstaff and
                  | wearing a +0 animal skin (regenerating, strong-willed,
                  | about 31% to evade the +8 demon trident "Rift")
 47912 | Depths:2 | Aim: a spriggan berserker, wielding a +0 quarterstaff and
                  | wearing a +0 animal skin (regenerating, strong-willed,
                  | about 31% to evade the +8 demon trident "Rift")
 47914 | Depths:2 | Aim: a spriggan berserker, wielding a +0 quarterstaff and
                  | wearing a +0 animal skin (regenerating, strong-willed,
                  | about 31% to evade the +8 demon trident "Rift")
 47914 | Depths:2 | Aim: a spriggan berserker, wielding a +0 quarterstaff and
                  | wearing a +0 animal skin (regenerating, strong-willed,
                  | about 31% to evade the +8 demon trident "Rift")
 47915 | Depths:2 | Aim: a spriggan berserker, wielding a +0 quarterstaff and
                  | wearing a +0 animal skin (heavily wounded, regenerating,
                  | strong-willed, about 31% to evade the +8 demon trident
                  | "Rift")
 47915 | Depths:2 | Aim: a spriggan berserker, wielding a +0 quarterstaff and
                  | wearing a +0 animal skin (heavily wounded, regenerating,
                  | strong-willed, about 31% to evade the +8 demon trident
                  | "Rift")
 47916 | Depths:2 | Aim: a spriggan berserker, wielding a +0 quarterstaff and
                  | wearing a +0 animal skin (moderately wounded, berserk,
                  | regenerating, strong-willed, about 31% to evade the +8
                  | demon trident "Rift")
 47916 | Depths:2 | Aim: a spriggan berserker, wielding a +0 quarterstaff and
                  | wearing a +0 animal skin (moderately wounded, berserk,
                  | regenerating, strong-willed, about 31% to evade the +8
                  | demon trident "Rift")
 47917 | Depths:2 | Aim: a spriggan berserker, wielding a +0 quarterstaff and
                  | wearing a +0 animal skin (almost dead, berserk,
                  | regenerating, strong-willed, about 31% to evade the +8
                  | demon trident "Rift")
 47917 | Depths:2 | Aim: a spriggan berserker, wielding a +0 quarterstaff and
                  | wearing a +0 animal skin (almost dead, berserk,
                  | regenerating, strong-willed, about 31% to evade the +8
                  | demon trident "Rift")
 47927 | Depths:2 | Aim: a spriggan rider, wielding a +0 spear (about 31% to
                  | evade the +8 demon trident "Rift")
 47927 | Depths:2 | Aim: a spriggan rider, wielding a +0 spear (about 31% to
                  | evade the +8 demon trident "Rift")
 47928 | Depths:2 | Aim: a spriggan rider, wielding a +0 spear (lightly
                  | wounded, about 31% to evade the +8 demon trident "Rift")
 47928 | Depths:2 | Aim: a spriggan rider, wielding a +0 spear (lightly
                  | wounded, about 31% to evade the +8 demon trident "Rift")
 47929 | Depths:2 | Aim: a spriggan rider, wielding a +0 spear (lightly
                  | wounded, about 31% to evade the +8 demon trident "Rift")
 47929 | Depths:2 | Aim: a spriggan rider, wielding a +0 spear (lightly
                  | wounded, about 31% to evade the +8 demon trident "Rift")
 47930 | Depths:2 | Aim: a spriggan rider, wielding a +0 spear (moderately
                  | wounded, about 31% to evade the +8 demon trident "Rift")
 47930 | Depths:2 | Aim: a spriggan rider, wielding a +0 spear (moderately
                  | wounded, about 31% to evade the +8 demon trident "Rift")
 47952 | Depths:2 | Aim: an ettin, wielding two +0 dire flails (wandering,
                  | hasn't noticed you, about 9% to evade the +8 demon trident
                  | "Rift")
 47952 | Depths:2 | Aim: an ettin, wielding two +0 dire flails (wandering,
                  | hasn't noticed you, about 9% to evade the +8 demon trident
                  | "Rift")
 47953 | Depths:2 | Aim: an ettin, wielding two +0 dire flails (moderately
                  | wounded, about 9% to evade the +8 demon trident "Rift")
 47953 | Depths:2 | Aim: an ettin, wielding two +0 dire flails (moderately
                  | wounded, about 9% to evade the +8 demon trident "Rift")
 47954 | Depths:2 | Aim: an ettin, wielding two +0 dire flails (severely
                  | wounded, about 9% to evade the +8 demon trident "Rift")
 47954 | Depths:2 | Aim: an ettin, wielding two +0 dire flails (severely
                  | wounded, about 9% to evade the +8 demon trident "Rift")
 48109 | Depths:3 | Found an iron altar of Okawaru.
 48216 | Depths:4 | Entered Level 4 of the Depths
 48247 | Depths:4 | Reached skill level 18 in Dodging
 48247 | Depths:4 | Noticed a golden dragon
 48543 | Depths:4 | Aim: a white draconian, wielding a +0 hand axe (about 19%
                  | to evade the +8 demon trident "Rift")
 48543 | Depths:4 | Aim: a white draconian, wielding a +0 hand axe (about 19%
                  | to evade the +8 demon trident "Rift")
 48616 | Depths:4 | Aim: a white draconian, wielding a +0 hand axe (about 19%
                  | to evade the +8 demon trident "Rift")
 48616 | Depths:4 | Aim: a white draconian, wielding a +0 hand axe (about 19%
                  | to evade the +8 demon trident "Rift")
 48617 | Depths:4 | Aim: a white draconian, wielding a +0 hand axe (moderately
                  | wounded, about 19% to evade the +8 demon trident "Rift")
 48617 | Depths:4 | Aim: a white draconian, wielding a +0 hand axe (moderately
                  | wounded, about 19% to evade the +8 demon trident "Rift")
 48620 | Depths:4 | Aim: a fire giant, wielding a +1 great sword of flaming
                  | (moderately wounded, about 9% to evade the +8 demon trident
                  | "Rift")
 48620 | Depths:4 | Aim: a fire giant, wielding a +1 great sword of flaming
                  | (moderately wounded, about 9% to evade the +8 demon trident
                  | "Rift")
 48621 | Depths:4 | Aim: a fire giant, wielding a +1 great sword of flaming
                  | (heavily wounded, about 9% to evade the +8 demon trident
                  | "Rift")
 48621 | Depths:4 | Aim: a fire giant, wielding a +1 great sword of flaming
                  | (heavily wounded, about 9% to evade the +8 demon trident
                  | "Rift")
 48622 | Depths:4 | Aim: a fire giant, wielding a +1 great sword of flaming
                  | (heavily wounded, about 9% to evade the +8 demon trident
                  | "Rift")
 48622 | Depths:4 | Aim: a fire giant, wielding a +1 great sword of flaming
                  | (heavily wounded, about 9% to evade the +8 demon trident
                  | "Rift")
 48623 | Depths:4 | Aim: a fire giant, wielding a +1 great sword of flaming
                  | (severely wounded, about 9% to evade the +8 demon trident
                  | "Rift")
 48623 | Depths:4 | Aim: a fire giant, wielding a +1 great sword of flaming
                  | (severely wounded, about 9% to evade the +8 demon trident
                  | "Rift")
 48624 | Depths:4 | Aim: a spriggan, wielding a +0 spear (about 31% to evade
                  | the +8 demon trident "Rift")
 48624 | Depths:4 | Aim: a spriggan, wielding a +0 spear (about 31% to evade
                  | the +8 demon trident "Rift")
 48625 | Depths:4 | Aim: a white draconian, wielding a +0 dire flail (about 19%
                  | to evade the +8 demon trident "Rift")
 48625 | Depths:4 | Aim: a white draconian, wielding a +0 dire flail (about 19%
                  | to evade the +8 demon trident "Rift")
 48627 | Depths:4 | Aim: a yellow draconian, wielding a +0 short sword
                  | (catching its breath, about 19% to evade the +8 demon
                  | trident "Rift")
 48627 | Depths:4 | Aim: a yellow draconian, wielding a +0 short sword
                  | (catching its breath, about 19% to evade the +8 demon
                  | trident "Rift")
 48628 | Depths:4 | Aim: a yellow draconian, wielding a +0 short sword
                  | (severely wounded, catching its breath, about 19% to evade
                  | the +8 demon trident "Rift")
 48628 | Depths:4 | Aim: a yellow draconian, wielding a +0 short sword
                  | (severely wounded, catching its breath, about 19% to evade
                  | the +8 demon trident "Rift")
 48629 | Depths:4 | Aim: a yellow draconian, wielding a +0 short sword (almost
                  | dead, about 19% to evade the +8 demon trident "Rift")
 48629 | Depths:4 | Aim: a yellow draconian, wielding a +0 short sword (almost
                  | dead, about 19% to evade the +8 demon trident "Rift")
 48630 | Depths:4 | Aim: a white draconian, wielding a +0 hand axe (almost
                  | dead, about 19% to evade the +8 demon trident "Rift")
 48630 | Depths:4 | Aim: a white draconian, wielding a +0 hand axe (almost
                  | dead, about 19% to evade the +8 demon trident "Rift")
 48633 | Depths:4 | Banished a golden dragon
 48635 | Depths:4 | Aim: a white draconian, wielding a +0 dire flail
                  | (translocational energy, lightly wounded, about 19% to
                  | evade the +8 demon trident "Rift")
 48635 | Depths:4 | Aim: a white draconian, wielding a +0 dire flail
                  | (translocational energy, lightly wounded, about 19% to
                  | evade the +8 demon trident "Rift")
 48637 | Depths:4 | Aim: a fire giant, wielding a +1 great sword of flaming
                  | (translocational energy, severely wounded, about 9% to
                  | evade the +8 demon trident "Rift")
 48637 | Depths:4 | Aim: a fire giant, wielding a +1 great sword of flaming
                  | (translocational energy, severely wounded, about 9% to
                  | evade the +8 demon trident "Rift")
 48638 | Depths:4 | Aim: a white draconian, wielding a +0 dire flail (severely
                  | wounded, about 19% to evade the +8 demon trident "Rift")
 48638 | Depths:4 | Aim: a white draconian, wielding a +0 dire flail (severely
                  | wounded, about 19% to evade the +8 demon trident "Rift")
 49225 | Depths:2 | Acquired 445 gold pieces
 49352 | Depths:4 | Found a gate to the Realm of Zot.
 49379 | Zot:1    | Entered Level 1 of the Realm of Zot
 49390 | Zot:2    | Identified the ring "Neecukk" {Ice Int+2 Dex-2 SInv}
 49390 | Zot:2    | Noticed Josephina
 49514 | Zot:2    | Reached skill level 19 in Dodging
 49665 | Zot:5    | Entered Level 5 of the Realm of Zot
 49665 | Zot:5    | Noticed an electric golem
 49665 | Zot:5    | Noticed an electric golem
 49676 | Zot:5    | Noticed an ancient lich
 49676 | Zot:5    | Noticed a golden dragon
 49677 | Zot:5    | Noticed a Killer Klown
 49677 | Zot:5    | Noticed an electric golem
 49677 | Zot:5    | Noticed an orb of fire
 49677 | Zot:5    | Noticed an ancient lich
 49678 | Zot:5    | Noticed a dread lich
 49679 | Zot:5    | Noticed a curse toe
 49684 | Zot:5    | Got the Orb of Zot
 49688 | Zot:5    | Noticed a Killer Klown
 49689 | Zot:5    | Noticed an ancient lich
 49691 | Zot:5    | Noticed a dread lich
 49691 | Zot:5    | Noticed a dread lich
 49691 | Zot:5    | Noticed a golden dragon
 49692 | Zot:5    | Noticed an orb of fire
 49693 | Zot:5    | Noticed a golden dragon
 49758 | Zot:2    | Aim: a black draconian, wielding a +0 scimitar (moderately
                  | wounded, about 19% to evade the +8 demon trident "Rift")
 49758 | Zot:2    | Aim: a black draconian, wielding a +0 scimitar (moderately
                  | wounded, about 19% to evade the +8 demon trident "Rift")
 49759 | Zot:2    | Aim: a black draconian, wielding a +0 scimitar (heavily
                  | wounded, about 19% to evade the +8 demon trident "Rift")
 49759 | Zot:2    | Aim: a black draconian, wielding a +0 scimitar (heavily
                  | wounded, about 19% to evade the +8 demon trident "Rift")
 49776 | Zot:1    | Aim: a yellow draconian annihilator, wielding a +0 long
                  | sword and wearing a +0 cloak (about 19% to evade the +8
                  | demon trident "Rift")
 49776 | Zot:1    | Aim: a yellow draconian annihilator, wielding a +0 long
                  | sword and wearing a +0 cloak (about 19% to evade the +8
                  | demon trident "Rift")
 49777 | Zot:1    | Aim: a yellow draconian annihilator, wielding a +0 long
                  | sword and wearing a +0 cloak (severely wounded, about 19%
                  | to evade the +8 demon trident "Rift")
 49777 | Zot:1    | Aim: a yellow draconian annihilator, wielding a +0 long
                  | sword and wearing a +0 cloak (severely wounded, about 19%
                  | to evade the +8 demon trident "Rift")
 49778 | Zot:1    | Aim: a yellow draconian annihilator, wielding a +0 long
                  | sword and wearing a +0 cloak (severely wounded, about 19%
                  | to evade the +8 demon trident "Rift")
 49778 | Zot:1    | Aim: a yellow draconian annihilator, wielding a +0 long
                  | sword and wearing a +0 cloak (severely wounded, about 19%
                  | to evade the +8 demon trident "Rift")
 49950 | D:15     | Noticed Raisyff the pandemonium lord
 49956 | D:14     | Noticed Atapehah the pandemonium lord
 50262 | D:$      | Escaped with the Orb!

Vanquished Creatures
  Saint Roka (Snake:4)
  2 golden dragons (Vaults:5)
  Nikola (Snake:2)
  A bone dragon (Depths:4)
  Zenata (Elf:1)
  A tentacled monstrosity (Zot:3)
  4 sphinxes
  An Orb Guardian (D:10)
  2 liches (Depths:1)
  3 deep elf master archers (Elf:3)
  A deep elf blademaster (Elf:3)
  Gastronok (Lair:1)
  A death cob (Zot:4)
  A kraken (Shoals:4)
  A shadow dragon (Zot:3)
  A tengu reaver (Vaults:5)
  The ghost of Ujyxuu Gaynk the Fetichist, an adept CoAr of Trog (D:14)
  5 storm dragons
  A draconian knight (Zot:2)
  13 vault wardens
  5 deep elf sorcerers
  3 nagarajas
  8 fire giants
  2 iron dragons
  Louise (Shoals:2)
  7 frost giants
  5 deep elf elementalists (Elf:3)
  5 stone giants
  A ghoul (Vaults:3)
  13 ironbound preservers
  A draconian stormcaller (Depths:4)
  A reaper (D:15)
  8 very ugly things
  2 formless jellyfish
  A draconian annihilator (Zot:1)
  3 orc warlords
  6 ironbound thunderhulks
  2 green draconians
  2 deep elf demonologists
  3 black draconians
  A vampire knight (Depths:1)
  A red draconian (Zot:4)
  A dire elephant (Vaults:3)
  A bunyip (shapeshifter) (Vaults:5)
  6 deep elf annihilators
  A purple draconian (Zot:1)
  Azrael (Orc:2)
  4 yellow draconians
  2 white draconians (Depths:4)
  3 deep elf death magi (Elf:3)
  2 eidola
  9 ettins
  A spark wasp (Depths:1)
  A crystal guardian (Vaults:4)
  7 merfolk javelineers (Shoals:4)
  3 fire dragons
  Snorg (D:10)
  An entropy weaver (Vaults:2)
  12 merfolk impalers
  Fannar (Lair:2)
  6 deep elf high priests
  11 yaktaur captains
  4 great orbs of eyes
  17 vault guards
  5 spriggan air magi
  A rakshasa (Depths:1)
  5 salamander tyrants
  An ice dragon (Depths:1)
  2 ogre magi
  4 hydras
  A hell beast (Depths:1)
  4 merfolk avatars
  A peacekeeper (Vaults:4)
  6 anacondas
  7 ironbound frosthearts
  5 merfolk aquamancers
  3 boulder beetles
  12 two-headed ogres
  Erica (D:9)
  3 tengu warriors
  15 centaur warriors
  4 satyrs
  A hell hog (Depths:1)
  19 dancing weapons
  2 spriggan berserkers
  2 death yaks
  3 deep troll shamans
  5 deep troll earth magi
  6 shock serpents
  A soul eater (D:3)
  3 orc high priests
  A demonic crawler (D:15)
  14 naga warriors
  Sonja (Orc:1)
  5 naga sharpshooters
  An occultist (Depths:1)
  9 deep elf knights
  Nergalle (Orc:1)
  The ghost of shadizar the Thaumaturge, a novice DjIE (D:9)
  5 skysharks (Lair:5)
  2 hell knights
  An iron troll (Depths:1)
  3 salamander mystics
  Amaemon (Lair:2)
  A skeletal warrior (Vaults:3)
  6 sea snakes
  A deep troll (shapeshifter) (Vaults:3)
  16 mana vipers
  34 deep trolls
  7 arcanists
  A phantasmal warrior (Vaults:5)
  20 deep elf archers
  3 glowing orange brains
  19 naga ritualists
  Pikel (D:4)
  A thermic dynamo (Elf:3)
  14 ironbound convokers
  13 lindwurms
  15 ugly things
  A necromancer (Vaults:3)
  An orc sorcerer (Orc:2)
  21 deep elf zephyrmancers
  14 fauns
  22 harpies
  7 orc knights
  A wolf spider (D:15)
  A stone giant zombie (Vaults:3)
  23 deep elf pyromancers
  3 cyclopes
  24 manticores
  10 elephants (Lair:4)
  4 water nymphs
  10 merfolk sirens
  2 meliai (D:14)
  A black mamba (shapeshifter) (Elf:3)
  12 salamanders
  7 guardian serpents
  2 moths of wrath
  2 kobold blastminers (Orc:2)
  10 vault sentinels
  An ice statue (D:13)
  42 black mambas
  18 naga magi
  3 gargoyles
  An orange demon (Lair:2)
  12 cane toads
  A torpor snail (Lair:5)
  Maggie (Lair:2)
  22 yaktaurs
  3 rime drakes
  2 unseen horrors (D:10)
  4 efreet
  11 komodo dragons
  A freezing wraith (Depths:1)
  3 tengu conjurers
  A hellwing (Depths:2)
  7 trolls
  A tengu simulacrum (Vaults:1)
  A tyrant leech (Lair:5)
  Grinder (D:4)
  A tarantella (Vaults:2)
  39 merfolk
  9 wind drakes
  Prince Ribbit (D:6)
  A hornet (shapeshifter) (Elf:1)
  5 dream sheep (Lair:4)
  25 blink frogs
  9 snapping turtles
  2 hornets
  Sigmund (D:4)
  2 glass eyes (Depths:1)
  14 water elementals
  A fire giant simulacrum (Vaults:1)
  2 air elementals
  25 slime creatures
  36 yaks
  5 wraiths
  A spriggan (Depths:4)
  A vampire (D:14)
  A shadow (D:12)
  4 wyverns
  3 fire elementals
  4 basilisks
  4 wargs
  15 vampire mosquitoes
  A redback (Vaults:2)
  2 steam dragons
  46 nagas
  4 hell hounds (Orc:2)
  An acid dragon (D:9)
  5 water moccasins
  A human skeleton (Vaults:3)
  33 orc warriors
  2 sky beasts
  4 black bears
  A swamp drake (shapeshifter) (D:13)
  4 laughing skulls
  An ice beast (D:6)
  12 ogres
  5 boggarts (D:15)
  15 centaurs
  12 wolves
  3 phantoms
  3 lemures (D:4)
  A kobold brigand (Sewer)
  A glowing shapeshifter simulacrum (Vaults:3)
  An earth elemental (Elf:3)
  A gnoll sergeant (D:9)
  4 scorpions
  17 bullfrogs
  7 wights
  14 electric eels
  6 howler monkeys
  24 orc priests
  4 jellies
  A bombardier beetle (D:4)
  A hound (D:7)
  Crazy Yiuf (D:6)
  5 hell rats (Lair:4)
  31 orc wizards
  Robin (D:4)
  6 gnolls
  3 river rats
  8 adders
  2 shadow imps
  4 white imps
  2 ufetubi (D:6)
  3 dart slugs
  2 ribbon worms (D:5)
  124 orcs
  5 ball pythons
  13 endoplasms
  7 giant cockroaches
  7 goblins
  23 hobgoblins
  2 jackals (Sewer)
  11 kobolds
  7 quokkas
  4 bats
  4 frilled lizards
  13 rats
  A tentacle (Shoals:4)
1589 creatures vanquished.

Vanquished Creatures (collateral kills)
  A kraken (Shoals:3)
  A black draconian (Zot:2)
  2 purple draconians (Zot:2)
  An ettin (Vaults:5)
  A salamander mystic (Snake:4)
6 creatures vanquished.

Vanquished Creatures (others)
  3 deep elf knights
  A mana viper (Snake:4)
  A faun (Shoals:1)
  A water elemental (Shoals:2)
  A naga (Snake:1)
  16 tentacles
23 creatures vanquished.

Grand Total: 1618 creatures vanquished

Table legend:
 A = Non-vault XP
 B = Vault XP
 C = Vault XP percentage of total XP
 D = Non-vault monster count
 E = Vault monster count
 F = Vault count percentage of total count
                 A         B        C        D         E       F
            +---------+---------+-------+---------+---------+-------
      Total |  443091 |  332095 |  42.8 |    1113 |     563 |  33.6
            +---------+---------+-------+---------+---------+-------
        D:1 |      51 |       3 |   5.6 |      27 |       2 |   6.9
        D:2 |     119 |       0 |   0.0 |      27 |       0 |   0.0
        D:3 |      31 |       0 |   0.0 |      14 |       0 |   0.0
        D:4 |     422 |    1198 |  74.0 |      17 |      10 |  37.0
        D:5 |     689 |       0 |   0.0 |      12 |       0 |   0.0
        D:6 |     839 |     344 |  29.1 |      23 |      10 |  30.3
        D:7 |    1441 |    2102 |  59.3 |      29 |       7 |  19.4
        D:8 |    2151 |       0 |   0.0 |      28 |       0 |   0.0
        D:9 |    1647 |    2448 |  59.8 |      21 |       4 |  16.0
       D:10 |    4116 |    6053 |  59.5 |      24 |      10 |  29.4
       D:11 |    2182 |     146 |   6.3 |       7 |       8 |  53.3
       D:12 |    1835 |    2215 |  54.7 |       5 |      20 |  80.0
       D:13 |    4708 |     447 |   8.7 |      17 |       1 |   5.6
       D:14 |    6722 |    8039 |  54.5 |      17 |      12 |  41.4
       D:15 |   10250 |    1825 |  15.1 |      22 |       2 |   8.3
     Lair:1 |    4582 |    1528 |  25.0 |      23 |       1 |   4.2
     Lair:2 |    2891 |    2947 |  50.5 |       9 |       7 |  43.8
     Lair:3 |    4355 |     488 |  10.1 |      18 |       2 |  10.0
     Lair:4 |   11506 |    2555 |  18.2 |      42 |      10 |  19.2
     Lair:5 |    7211 |   10385 |  59.0 |      25 |      33 |  56.9
   Shoals:1 |   13142 |     112 |   0.8 |      27 |       1 |   3.6
   Shoals:2 |   29665 |    1204 |   3.9 |      59 |       1 |   1.7
   Shoals:3 |   15023 |       0 |   0.0 |      30 |       0 |   0.0
   Shoals:4 |   20688 |   22761 |  52.4 |      45 |      33 |  42.3
    Snake:1 |   22480 |    1737 |   7.2 |      45 |       5 |  10.0
    Snake:2 |   16876 |    2427 |  12.6 |      32 |       1 |   3.0
    Snake:3 |   16321 |    5953 |  26.7 |      38 |      10 |  20.8
    Snake:4 |   28871 |   23302 |  44.7 |      57 |      43 |  43.0
      Orc:1 |    4900 |    2192 |  30.9 |      41 |       4 |   8.9
      Orc:2 |    4577 |    8216 |  64.2 |      45 |      75 |  62.5
      Elf:1 |   26178 |   10058 |  27.8 |      39 |      14 |  26.4
      Elf:2 |   17657 |    5815 |  24.8 |      31 |       7 |  18.4
      Elf:3 |    7493 |   36582 |  83.0 |      12 |      35 |  74.5
   Vaults:1 |   20150 |   25276 |  55.6 |      31 |      32 |  50.8
   Vaults:2 |   18647 |   26161 |  58.4 |      24 |      32 |  57.1
   Vaults:3 |   18920 |   17504 |  48.1 |      32 |      24 |  42.9
   Vaults:4 |   24229 |   17282 |  41.6 |      42 |      17 |  28.8
   Vaults:5 |    1712 |   32409 |  95.0 |       3 |      28 |  90.3
   Depths:1 |   17780 |   29674 |  62.5 |      20 |      32 |  61.5
   Depths:2 |    8313 |       0 |   0.0 |       9 |       0 |   0.0
   Depths:3 |   10150 |     982 |   8.8 |      12 |       1 |   7.7
   Depths:4 |   12116 |   11328 |  48.3 |      15 |       9 |  37.5
      Zot:1 |    5098 |       0 |   0.0 |       5 |       0 |   0.0
      Zot:2 |    6443 |    3357 |  34.3 |       6 |       4 |  40.0
      Zot:3 |    3368 |       0 |   0.0 |       2 |       0 |   0.0
      Zot:4 |    4546 |       0 |   0.0 |       4 |       0 |   0.0
      Sewer |       0 |     121 | 100.0 |       0 |      10 | 100.0
    Volcano |       0 |    4919 | 100.0 |       0 |       6 | 100.0
            +---------+---------+-------+---------+---------+-------

Skill      XL: |  1  2  3  4  5  6  7  8  9 10 11 12 13 14 15 16 17 18 19 20 21 22 23 |
---------------+----------------------------------------------------------------------+-----
Short Blades   | 3 4 5 |  5.2
Polearms       | 3 4 6 9 13 14 | 14.0
Fighting       | 4 9 12 15 18 19 20 21 22 24 | 24.0
Armour         | 3 7 10 12 | 12.0
Dodging        | 4 8 10 12 15 16 17 19 | 19.4
Evocations     | 2 10 15 16 22 | 22.8
Stealth        | 3 7 10 11 13 16 19 | 19.5
Throwing       | |  1.7

Action                     |  1- 3 |  4- 6 |  7- 9 | 10-12 | 13-15 | 16-18 | 19-21 | 22-24 || total
---------------------------+-------+-------+-------+-------+-------+-------+-------+-------++-------
  Melee: Rapier            |    53 |   110 |    48 |       |       |       |       |       ||   211
         Dagger            |    47 |    77 |       |       |       |       |       |       ||   124
         Demon trident     |       |    31 |   206 |   393 |  1192 |  1492 |  1616 |   997 ||  5927
         Falchion          |       |       |   103 |   227 |       |       |       |       ||   330
         Trident           |       |       |       |    85 |    88 |       |       |       ||   173
         Peck              |       |       |       |       |       |    62 |    68 |       ||   130
  Throw: Dart              |     3 |     1 |     9 |     6 |       |       |     2 |       ||    21
         Throwing net      |       |       |     1 |       |       |       |       |       ||     1
 Invoke: Call Merchant     |       |       |     1 |     1 |       |     3 |     1 |       ||     6
         Potion Petition   |       |       |       |       |       |       |       |     3 ||     3
Ability: Invent Gizmo      |       |       |       |       |     1 |       |       |       ||     1
  Evoke: Wand              |       |       |     1 |    20 |     3 |    14 |     4 |     7 ||    49
         Box of beasts     |       |       |       |       |       |     1 |       |     2 ||     3
         Phial of floods   |       |       |       |       |       |       |       |     1 ||     1
         Phantom mirror    |       |       |       |       |       |       |       |     1 ||     1
    Use: Scroll            |     1 |     4 |     7 |    18 |    15 |    10 |     1 |    26 ||    82
         Potion            |       |       |       |     1 |       |     1 |     1 |    17 ||    20
   Stab: Distracted        |       |     1 |     1 |     1 |    12 |    17 |    17 |    13 ||    62
         Held in net/web   |       |       |     1 |       |       |       |       |       ||     1
         Paralysed         |       |       |       |     3 |       |       |     1 |       ||     4
         Sleeping          |       |       |       |       |    28 |    43 |    70 |    23 ||   164
 Armour: Leather armour    |    26 |    50 |       |       |       |       |    47 |   196 ||   319
         Ring mail         |       |     8 |    75 |   272 |   159 |   227 |   172 |    21 ||   934
  Dodge: Dodged            |    29 |    57 |    50 |   158 |   205 |   305 |   283 |   228 ||  1315
         Repelled          |       |       |       |       |    40 |   109 |    89 |    51 ||   289

Illustrated notes

Table legend:
 A = Kills in this place as a percentage of kills in the entire game.
 B = Kills by you in this place as a percentage of kills by you in the entire game.
 C = Kills by friends in this place as a percentage of kills by friends in the entire game.
 D = Other kills in this place as a percentage of other kills in the entire game.
 E = Experience gained in this place as a percentage of experience gained in the entire game.
 F = Experience gained in this place divided by the number of levels of this place that you have seen.
                   A       B       C       D       E      F
               +-------+-------+-------+-------+-------+----------------------
         Total | 100.0 | 100.0 | 100.0 | 100.0 | 100.0 | 15597.6
       Dungeon |  22.6 |  23.5 |   0.0 |   7.8 |   8.5 | 4426.0
          Lair |  10.1 |  10.4 |   0.0 |   5.6 |   6.2 | 9689.6
        Shoals |  11.7 |  11.2 |  16.7 |  18.9 |  13.2 | 25648.8
     Snake Pit |  13.7 |  13.4 |  16.7 |  20.0 |  15.1 | 29491.8
  Orcish Mines |   9.8 |   9.9 |   0.0 |   8.9 |   2.5 | 9942.5
   Elven Halls |   8.2 |   8.4 |   0.0 |   5.6 |  13.3 | 34594.3
        Vaults |  15.8 |  15.5 |  16.7 |  20.0 |  25.9 | 40458.0
        Depths |   5.9 |   5.7 |   0.0 |  10.0 |  11.6 | 22667.8
           Zot |   1.2 |   0.9 |  50.0 |   3.3 |   2.9 | 4562.4
         Sewer |   0.6 |   0.6 |   0.0 |   0.0 |   0.0 | 121.0
       Volcano |   0.4 |   0.4 |   0.0 |   0.0 |   0.6 | 4919.0
               +-------+-------+-------+-------+-------+----------------------

Table legend: (Time is in decaauts)
 A = Elapsed time spent in this place.
 B = Non-inter-level travel time spent in this place.
 C = Inter-level travel time spent in this place.
 D = Time resting spent in this place.
 E = Time spent auto-exploring this place.
 F = Levels seen in this place.
 G = Mean time per level.
                   A        B        C        D        E       F      G
               +--------+--------+--------+--------+--------+-----+--------+
         Total |  49345 |  44744 |   4601 |   5504 |  30643 |  50 |  986.9 |
       Dungeon |  15577 |  13147 |   2430 |   1234 |   9727 |  15 | 1038.5 |
          Lair |   7661 |   7023 |    638 |   1588 |   4458 |   5 | 1532.2 |
        Shoals |   5988 |   5751 |    237 |    553 |   4050 |   4 | 1497.0 |
     Snake Pit |   5853 |   5671 |    182 |    733 |   4072 |   4 | 1463.2 |
  Orcish Mines |   2075 |   1848 |    227 |    146 |   1188 |   2 | 1037.5 |
   Elven Halls |   3042 |   2788 |    254 |    224 |   1966 |   3 | 1014.0 |
        Vaults |   6115 |   5678 |    437 |    187 |   4390 |   5 | 1223.0 |
        Depths |   2098 |   1907 |    191 |    681 |    457 |   4 |  524.5 |
           Zot |    378 |    378 |      0 |     80 |      0 |   5 |   75.6 |
        Bazaar |    102 |    102 |      0 |      0 |     55 |   1 |  102.0 |
         Sewer |    209 |    209 |      0 |      0 |    161 |   1 |  209.0 |
       Volcano |    243 |    243 |      0 |     76 |    118 |   1 |  243.0 |
               +--------+--------+--------+--------+--------+-----+--------+

Top non-repeatable levels by time:
 Snake:4: 2332 daAuts
Shoals:4: 2264 daAuts
  Lair:1: 2060 daAuts
     D:9: 1708 daAuts
  Lair:4: 1692 daAuts
  Lair:3: 1596 daAuts
Vaults:4: 1510 daAuts
Shoals:3: 1445 daAuts
Vaults:1: 1444 daAuts
    D:10: 1426 daAuts
Shoals:2: 1410 daAuts
Vaults:3: 1401 daAuts
     D:7: 1393 daAuts
  Lair:2: 1347 daAuts
Vaults:2: 1309 daAuts
